 Dungeon Crawl Stone Soup version 0.29-a0-284-gf9362112df (webtiles) character file.

Game seed: 5976134795517243650

797998 enile the Slayer (level 27, -1/235 HPs)
             Began as a Demonspawn Wanderer on Mar 18, 2022.
             Was the Champion of Jiyva.
             Killed from afar by a hellion (25 damage)
             ... with damnation
             ... summoned by Cerebov
             ... in Pandemonium on Mar 19, 2022.
             The game lasted 03:19:53 (68855 turns).

enile the Slayer (Demonspawn Wanderer)             Turns: 68855, Time: 03:19:54

Health: -1/235     AC: 37    Str: 34    XL:     27
Magic:  0/35       EV: 24    Int: 20    God:    Jiyva [******]
Gold:   4014       SH:  0    Dex: 26    Spells: 41/42 levels left

rFire   + . .      SeeInvis +   Q - +9 battleaxe "Fehiehuc" {vorpal, rPois Str+4 Int+5 Stlth-}
rCold   + . .      Faith    .   (shield currently unavailable)
rNeg    . . .      Spirit   +   l - +9 scales of the Dragon King {rPois rF+ rC+ Will+}
rPois   +          Reflect  .   (helmet unavailable)
rElec   .          Harm     .   (cloak unavailable)
rCorr   +          Rampage  .   (gloves unavailable)
Will    +++..                   (boots unavailable)
Stlth   ..........              n - amulet of Enwum {+Blink Regen+ Dex+5}
HPRegen 3.69/turn               C - ring "Vuthu" {Contam AC+4 Str+9}
MPRegen 0.98/turn               L - +4 ring of slaying

@: studying Slings
A: antennae 3, hooves 3, spiny 3, augmentation 3, magic shield, magic
regeneration, magic link, weakness stinger 3, claws 3, agile 1, regeneration 1,
strong 1, acidic bite, eyeballs 1, translucent skin 2, jelly sensing items,
jelly absorbing missiles, subdued magic 2, engulf
}: 7/15 runes: serpentine, barnacled, slimy, silver, demonic, glowing, dark
a: Renounce Religion, Evoke Blink, Oozemancy, Slimify


You were in Pandemonium.
You worshipped Jiyva.
Jiyva was exalted by your worship.
You visited 12 branches of the dungeon, and saw 56 of its levels.
You visited Pandemonium 1 time, and saw 20 of its levels.
You visited the Abyss 1 time.
You visited 1 bazaar.
You also visited: Sewer, Ossuary, Bailey, Gauntlet and Ice Cave.

You collected 8317 gold pieces.
You spent 4303 gold pieces at shops.

Inventory:

Hand Weapons
 D - the +9 heavy crossbow "Sniper" {vorpal, Acc+∞ SInv}
   (You took it off a vault warden on level 5 of the Vaults)

   Any ammunition fired from it inflicts extra damage upon your enemies.
   Any ammunition fired from it never misses its target.
   SInv:      It lets you see invisible.
 E - a +7 executioner's axe of chaos
 Q - the +9 battleaxe "Fehiehuc" (weapon) {vorpal, rPois Str+4 Int+5 Stlth-}
   (You found it on level 8 of the Dungeon)

   It inflicts extra damage upon your enemies.
   Str:       It affects your strength (+4).
   Int:       It affects your intelligence (+5).
   rPois:     It protects you from poison.
   Stlth:     It makes you less stealthy.
Armour
 k - the +5 ring mail "Rumo" {rElec Will- Str+4 Dex+8}
   (You took it off a minotaur in a Gauntlet)

   Str:       It affects your strength (+4).
   Dex:       It affects your dexterity (+8).
   rElec:     It insulates you from electricity.
   Will:      It decreases your willpower.
 l - the +9 scales of the Dragon King (worn) {rPois rF+ rC+ Will+}
   (You found it in a bailey)

   rF:        It protects you from fire.
   rC:        It protects you from cold.
   rPois:     It protects you from poison.
   Will:      It increases your willpower.
 o - a +0 pair of gloves of dexterity
 u - the +1 scale mail of Wyleq {Fly rF+ Will+}
   (You found it in Pandemonium)

   rF:        It protects you from fire.
   Fly:       It grants you flight.
   Will:      It increases your willpower.
Jewellery
 b - a +4 ring of protection
 n - the amulet of Enwum (around neck) {+Blink Regen+ Dex+5}
   (You found it on level 4 of the Snake Pit)

   [amulet of regeneration]

   Dex:       It affects your dexterity (+5).
   +Blink:    It lets you blink.
   Regen:     It increases your rate of health regeneration.
 p - the ring "Naolocukyr" {rPois rC+ rN+}
   (You found it in Pandemonium)

   [ring of poison resistance]

   rC:        It protects you from cold.
   rPois:     It protects you from poison.
   rN:        It protects you from negative energy.
 q - a +6 ring of strength
 r - the ring of Hospitality {*Corrode Fly rN+ Str+7 SInv}
   (You took it off a minotaur in a Gauntlet)

   [ring of positive energy]

   Str:       It affects your strength (+7).
   rN:        It protects you from negative energy.
   SInv:      It lets you see invisible.
   Fly:       It grants you flight.
   *Corrode:  It may corrode you when you take damage.
 y - a ring of ice
 B - the amulet "Hoivae" {Spirit Dex+5}
   (You found it in an ice cave)

   [amulet of guardian spirit]

   It causes incoming damage to be divided between your reserves of health and
   magic.
   Dex:       It affects your dexterity (+5).
 C - the ring "Vuthu" (left claw) {Contam AC+4 Str+9}
   (You took it off a vault warden on level 5 of the Vaults)

   [ring of protection]

   AC:        It affects your AC (+4).
   Str:       It affects your strength (+9).
   Contam:    It causes magical contamination when unequipped.
 L - a +4 ring of slaying (right claw)
Wands
 d - a wand of digging (19)
 v - a wand of mindburst (19)
 F - a wand of flame (58)
 K - a wand of iceblast (5)
 N - a wand of charming (1)
 P - a wand of paralysis (22)
 R - a wand of polymorph (17)
 U - a wand of acid (4)
Scrolls
 c - 21 scrolls of teleportation
 e - 6 scrolls of fear (quivered)
 g - 3 scrolls of magic mapping
 i - 2 scrolls of brand weapon
 s - 6 scrolls of vulnerability
 t - 8 scrolls of amnesia
 x - 3 scrolls of silence
 z - 3 scrolls of enchant weapon
 S - 5 scrolls of holy word
 W - 2 scrolls of torment
 Z - 2 scrolls of blinking
Potions
 f - 9 potions of might
 h - 3 potions of heal wounds
 j - 12 potions of mutation
 m - a potion of haste
 A - 14 potions of curing
 I - 6 potions of lignification
 M - 4 potions of berserk rage
 T - 10 potions of attraction
 V - 4 potions of cancellation
 X - a potion of resistance
 Y - 5 potions of invisibility
Miscellaneous
 a - a phantom mirror (inert)
 w - a lightning rod (inert)
 G - a box of beasts
 H - a phial of floods
 J - a condenser vane
 O - a tin of tremorstones (inert)


   Skills:
 + Level 23.1 Fighting
 - Level 4.0 Long Blades
 - Level 20.0 Axes
 - Level 1.7(3.0) Slings
 - Level 3.7(4.0) Throwing
 - Level 23.0 Armour
 - Level 22.0 Dodging
 - Level 10.0 Stealth
 - Level 2.0 Unarmed Combat
 - Level 8.0 Spellcasting
 - Level 14.1 Conjurations
 - Level 14.4 Fire Magic
 - Level 22.0 Evocations


You had 41 spell levels left.
You knew the following spells:

 Your Spells              Type           Power      Damage    Failure   Level
a - Foxfire               Conj/Fire      100%       2x1d9     1%          1

Your spell library contained the following spells:

 Spells                   Type           Power      Damage    Failure   Level
 Magic Dart               Conj           100%       1d8       1%          1
 Searing Ray              Conj           80%        2d7       1%          2
 Sticky Flame             Conj/Fire      40%        2d6       1%          4
 Static Discharge         Conj/Air       22%        N/A       2%          2
 Fireball                 Conj/Fire      20%        3d10      2%          5
 Dazzling Flash           Conj/Hex       44%        N/A       5%          3
 Stone Arrow              Conj/Erth      44%        3d9       5%          3
 Mephitic Cloud           Conj/Pois/Air  16%        N/A       16%         3
 Fulminant Prism          Conj/Hex       11%        3d9       21%         4
 Hailstorm                Conj/Ice       22%        3d7       21%         4
 Animate Skeleton         Necr           10%        N/A       36%         1
 Apportation              Tloc           10%        N/A       36%         1
 Beastly Appendage        Tmut           10%        N/A       36%         1
 Freeze                   Ice            20%        1d4       36%         1
 Pain                     Necr           20%        1d5       36%         1
 Summon Small Mammal      Summ           20%        N/A       36%         1
 Blink                    Tloc           10%        N/A       52%         2
 Call Imp                 Summ           5%         N/A       52%         2
 Ensorcelled Hibernation  Hex/Ice        10%        N/A       52%         2
 Sublimation of Blood     Necr           5%         N/A       52%         2
 Wereblood                Tmut           5%         N/A       52%         2
 Irradiate                Conj/Tmut      11%        3d17      54%         5
 Lightning Bolt           Conj/Air       11%        1d24      54%         5
 Orb of Destruction       Conj           20%        9d8       73%         7
 Frozen Ramparts          Ice            10%        1d3       77%         3
 Ozocubu's Armour         Ice            5%         N/A       77%         3
 Portal Projectile        Hex/Tloc       10%        N/A       77%         3
 Spider Form              Tmut/Pois      5%         N/A       77%         3
 Summon Guardian Golem    Hex/Summ       5%         N/A       77%         3
 Tukima's Dance           Hex            5%         N/A       77%         3
 Freezing Cloud           Conj/Ice/Air   8%         6-21      87%         5
 Conjure Ball Lightning   Conj/Air       11%        3x3d6     98%         6
 Iron Shot                Conj/Erth      11%        9d3       98%         6
 Anguish                  Hex/Necr       2%         N/A       99%         4
 Animate Armour           Summ/Erth      10%        N/A       99%         4
 Animate Dead             Necr           2%         N/A       99%         4
 Cause Fear               Hex            2%         N/A       99%         4
 Dispel Undead            Necr           5%         3d7       99%         4
 Ice Form                 Ice/Tmut       5%         N/A       99%         4
 Leda's Liquefaction      Hex/Erth       2%         N/A       99%         4
 Passage of Golubria      Tloc           5%         N/A       99%         4
 Petrify                  Tmut/Erth      5%         N/A       99%         4
 Summon Lightning Spire   Summ/Air       5%         N/A       99%         4
 Agony                    Necr           5%         N/A       100%        5
 Alistair's Intoxication  Tmut/Pois      3%         N/A       100%        5
 Blade Hands              Tmut           2%         N/A       100%        5
 Borgnjor's Vile Clutch   Necr/Erth      2%         N/A       100%        5
 Excruciating Wounds      Necr           2%         N/A       100%        5
 Lee's Rapid Deconstruct  Erth           2%         3d6*      100%        5
 Manifold Assault         Tloc           5%         N/A       100%        5
 Summon Forest            Summ/Tloc      2%         N/A       100%        5
 Summon Mana Viper        Hex/Summ       5%         N/A       100%        5
 Yara's Violent Unravell  Hex/Tmut       2%         3d3       100%        5
 Death Channel            Necr           2%         N/A       100%        6
 Dispersal                Tloc           2%         N/A       100%        6
 Eringya's Noxious Bog    Tmut/Pois      2%         N/A       100%        6
 Simulacrum               Ice/Necr       2%         N/A       100%        6
 Statue Form              Tmut/Erth      3%         N/A       100%        6
 Summon Cactus Giant      Summ           2%         N/A       100%        6
 Dragon Form              Tmut           2%         N/A       100%        7
 Enfeeble                 Hex            2%         N/A       100%        7
 Ozocubu's Refrigeration  Ice            2%         4d5       100%        7
 Spellforged Servitor     Conj/Summ      11%        N/A       100%        7
 Storm Form               Tmut/Air       2%         N/A       100%        7
 Summon Hydra             Summ           2%         N/A       100%        7
 Borgnjor's Revivificati  Necr           2%         N/A       100%        8
 Discord                  Hex            2%         N/A       100%        8
 Disjunction              Tloc           2%         N/A       100%        8
 Infestation              Necr           2%         N/A       100%        8
 Maxwell's Capacitive Co  Air            2%         ∞         100%        8
 Necromutation            Tmut/Necr      2%         N/A       100%        8
 Chain Lightning          Conj/Air       11%        3d14      100%        9
 Death's Door             Necr           2%         N/A       100%        9


Dungeon Overview and Level Annotations

Branches:
Dungeon (15/15)            Temple (0/1) D:4            Lair (6/6) D:10
 Shoals (4/4) Lair:3        Snake (4/4) Lair:2        Slime (5/5) Lair:5
    Orc (2/2) D:9             Elf (3/3) Orc:2        Vaults (5/5) D:14
  Crypt (3/3) Vaults:3       Tomb (1/3) Crypt:3      Depths (4/4) D:15
    Zot (4/5) Depths:4      Sewer (visited)         Ossuary (visited)
 Bailey (visited)           IceCv (visited)         Gauntlet (visited)

Altars:
Cheibriados
Dithmenos
Elyvilon
Fedhas
Gozag
Hepliaklqana
Kikubaaqudgha
Makhleb
Nemelex Xobeh
Okawaru
Vehumet
Zin
Jiyva
Lugonu

Shops:
Orc:2 ?[?[   Elf:1 =   Elf:2 :   Elf:3 :   Shoals:1 :   Snake:2 *?(!
Snake:4 *   Vaults:4 :=[   Vaults:5 *   Depths:1 =   Depths:4 *?

Portals:
Hell: Depths:1 Depths:2 Depths:3 Depths:4
Abyss: Depths:1 Depths:3 Depths:4
Pandemonium: Depths:2
Ziggurat: Depths:1
Bazaar: Depths:2
Trove: Vaults:3 (give +5 ice dragon scales)

Annotations:
D:5 3 runed translucent doors, spaghetti's ghost, weakling DDDe
D:13 1 runed translucent door
Slime:4 Dissolution
Slime:5 Royal Jelly
Elf:2 1 runed translucent door, spaghetti's ghost, adept DDFi
Depths:3 3 runed translucent doors, Orcher's ghost, adept FeVM
Zot:2 2 transporters
Pan Cerebov


Innate Abilities, Weirdness & Mutations

You have a pair of large antennae on your head. (SInv)
You have hooves in place of feet.
You are completely covered in sharp spines.
Your magical and physical power is greatly enhanced at high health.
When hurt, damage is shared between your health and your magic reserves.
You regenerate magic rapidly.
When low on magic, you restore magic in place of health.
You have a sharp stinger which inflicts weakening toxins.
You have claws for hands.
You are agile. (Dex +2)
Your natural rate of healing is unusually fast.
Your muscles are strong. (Str +2)
You have acidic saliva.
Your body has grown eyes which may confuse attackers. (Acc +3)
Your translucent skin reduces your foes' accuracy. (Stealth+)
You have a small jelly attached to you that senses nearby items.
You have a small jelly attached to you that may absorb projectiles.
Your spells are easier to cast, but less powerful.
Your melee attacks may engulf your foes in ooze.


Message History

You slice the orange demon!!
You engulf the orange demon in ooze!
You kick the orange demon! You tail-slap the orange demon.
The orange demon looks weaker.
The orange demon is almost dead.
The orange demon is asphyxiated!
You kill the orange demon!
A balrug comes into view. It is wielding a +0 demon whip.
You blink.
The Brimstone Fiend calls on the powers of darkness!
Your body is wracked with pain!
* * * LOW HITPOINT WARNING * * *
You hear a distant slurping noise.
The sun demon misses you. The balrug closely misses you.
You feel much better. The sun demon misses you. The balrug gestures at you.
The sticky flame misses you.
You blink.
The balrug gestures at you.
The fireball explodes!
The fireball engulfs you! You resist. The hellion gestures at you.
The sphere of damnation explodes!
The damnation engulfs you!!
* * * LOW HITPOINT WARNING * * *
You hear a shout!
Cerebov gestures.
Cerebov seems to speed up.
Cerebov gestures at you.
A raging storm of fire appears!
The great blast of fire engulfs you!! You partially resist.
* * * LOW HITPOINT WARNING * * *
You hear a shout! x2
A fire vortex comes into view.
Okay, then.
You feel much better.
You are engulfed in blazing flames.
You resist. The Brimstone Fiend gestures at you.
The sphere of damnation explodes!
The damnation engulfs you!!
* * * LOW HITPOINT WARNING * * *
A balrug comes into view.
It is wielding a +2 demon whip of venom.
The hellion gestures at you.
The sphere of damnation explodes!
The damnation engulfs you!!
You die...

# #. .. ##. ##.# ∆ #..
#.... #☼# ..{J. #v#.....≈≈
..... #@#....≈≈≈≈ .....
#°○○..≈≈≈≈. ....#
##########○#○..≈≈≈≈.
....###≈≈#.....1....≈≈≈≈..
...##....#.#.#.#...≈≈≈≈&..
.........'..{...=..≈≈≈≈...
.........'..3.....≈≈≈≈≈2..
....2....'.........≈≈≈2...
...##....#.#.#.#...≈≈≈≈...


You could see Cerebov (fast, combustible), a Brimstone Fiend (summoned), a
balrug, a hellion (summoned) and a fire vortex.

Vanquished Creatures
  Gloorx Vloq (Pan)
  A seraph (Pan)
  Mnoleg (Pan)
  2 ancient liches
  2 orbs of fire
  Mennas (Pan)
  Sojobo (Crypt:1)
  A royal mummy (Depths:2)
  2 curse toes
  Saint Roka (Vaults:1)
  Margery (Crypt:1)
  14 pandemonium lords (Pan)
  Nikola (Shoals:4)
  7 golden dragons
  10 Brimstone Fiends (Pan)
  5 Tzitzimimeh (Pan)
  4 Ice Fiends (Pan)
  Jorgrun (D:14)
  4 liches
  Zenata (Elf:1)
  3 Hell Sentinels (Pan)
  A titan (Vaults:5)
  2 deep elf blademasters (Elf:3)
  16 tentacled monstrosities
  37 Executioners (Pan)
  A walking divine tome (Depths:3)
  2 deep elf master archers (Elf:3)
  A quicksilver dragon (Zot:3)
  An acid blob (Crypt:1)
  2 eldritch tentacles (Pan)
  2 ancient champions
  5 sphinxes
  Polyphemus (Shoals:2)
  6 death cobs
  Agnes (D:14)
  The ghost of boltboy the Hoplite, an adept MiFi of Okawaru (Snake:4)
  Kirke (Shoals:2)
  3 tengu reavers
  Roxanne (Elf:3)
  11 demonspawn warmongers (Pan)
  12 storm dragons
  8 draconian monks
  5 shadow dragons
  16 daevas (Pan)
  16 nagarajas (Snake:4)
  A revenant (Crypt:1)
  15 fire giants
  8 draconian knights
  5 deep elf sorcerers
  7 frost giants
  4 draconian scorchers
  Louise (Depths:3)
  23 balrugs
  14 vault wardens
  9 ghost moths
  2 iron dragons
  24 cacodemons (Pan)
  2 ghouls (Crypt:2)
  27 angels (Pan)
  A deep elf elementalist (Elf:3)
  A draconian shifter (Zot:2)
  3 curse skulls
  6 draconian stormcallers
  21 reapers (Pan)
  20 very ugly things
  19 ironbound preservers
  10 demonspawn blood saints (Pan)
  2 draconian annihilators (Zot:1)
  17 ophanim (Pan)
  21 stone giants
  7 war gargoyles
  13 demonspawn corrupters (Pan)
  2 juggernaut skeletons
  3 ironbound thunderhulks
  12 green draconians
  23 apis (Pan)
  6 vampire knights
  4 deep elf annihilators
  18 demonspawn black suns (Pan)
  6 deep elf demonologists (Elf:3)
  16 dire elephants
  An entropy weaver (Vaults:3)
  11 lorocyprocas
  Azrael (Elf:1)
  8 white draconians
  A minotaur (Gauntlet)
  4 black draconians
  11 red draconians
  2 spark wasps (Depths:2)
  5 yellow draconians
  An eidolon (Crypt:1)
  Snorg (Lair:4)
  11 deep elf death magi
  7 purple draconians
  3 crystal guardians
  7 green deaths (Pan)
  8 merfolk javelineers
  19 blizzard demons (Pan)
  8 ettins
  2 deep elf high priests (Elf:3)
  10 merfolk impalers
  6 mummy priests (Depths:2)
  15 fire dragons
  8 jiangshi
  14 ice dragons
  Harold (D:9)
  21 yaktaur captains
  A salamander tyrant (Snake:2)
  A juggernaut simulacrum (Depths:3)
  5 rakshasas
  6 peacekeepers
  32 vault guards
  A caustic shrike simulacrum (Crypt:2)
  11 hydras
  A spriggan air mage (Depths:2)
  15 boulder beetles
  3 merfolk avatars
  29 naga warriors
  6 ironbound frosthearts
  5 merfolk aquamancers (Shoals:4)
  2 death knights (D:15)
  4 ogre magi (Vaults:5)
  2 alligator snapping turtles (Shoals:2)
  6 hell beasts (Pan)
  A spriggan skeleton (Pan)
  A fenstrider witch skeleton (Pan)
  2 catoblepae
  11 centaur warriors
  10 two-headed ogres
  A satyr (Shoals:3)
  4 anacondas
  Erica (D:8)
  3 shock serpents
  12 deep troll earth magi
  4 hell hogs
  3 orc high priests (Orc:2)
  8 tengu warriors
  22 dancing weapons
  5 vampire magi
  8 death yaks
  4 deep troll shamans
  39 soul eaters
  Nergalle (D:12)
  12 naga sharpshooters
  2 spriggan berserkers
  16 hell knights
  61 sun demons
  2 spriggans (Depths:3)
  16 deep elf knights
  Amaemon (D:9)
  3 salamander mystics
  24 sixfirhies (Pan)
  7 iron trolls
  15 cherubim (Pan)
  17 skeletal warriors
  A quicksilver dragon simulacrum (Crypt:1)
  11 shadow wraiths
  A bunyip zombie (Crypt:3)
  Lodul (D:14)
  A storm dragon skeleton (Pan)
  17 sea snakes
  25 shadow demons (Pan)
  71 deep trolls
  5 orc knights
  22 deep elf archers
  14 phantasmal warriors
  8 naga ritualists
  2 lindwurms
  8 necromancers
  A harpy (shapeshifter) (D:15)
  12 ironbound convokers
  A bog body (Crypt:2)
  8 flayed ghosts
  8 wizards
  19 harpies
  23 deep elf zephyrmancers
  2 anaconda skeletons
  A goliath frog zombie (Crypt:2)
  An iron dragon zombie (Crypt:2)
  35 deep elf pyromancers
  An iron giant skeleton (Crypt:1)
  9 mana vipers
  3 orc sorcerers
  A stone giant zombie (Vaults:2)
  14 salamanders
  53 ugly things
  10 moths of wrath
  A shadow dragon skeleton (Crypt:1)
  15 manticores
  7 fauns (Shoals:1)
  A frost giant zombie (Vaults:2)
  A toenail golem (Pan)
  7 merfolk sirens
  7 guardian serpents
  17 elephants (Lair:6)
  7 cyclopes
  2 dire elephant zombies
  2 ice statues (IceCv)
  An iron dragon skeleton (Depths:3)
  10 vault sentinels
  33 black mambas
  10 naga magi
  5 gargoyles
  3 rust devils (Pan)
  2 torpor snails
  3 stone giant skeletons
  2 spectral iron trolls (Crypt:2)
  7 cane toads
  57 smoke demons
  6 water nymphs (Shoals:4)
  A green draconian zombie (Crypt:1)
  2 kobold demonologists
  3 centaur skeletons
  25 demonic crawlers (Pan)
  Psyche (D:8)
  3 dire elephant skeletons
  11 hellions
  6 rime drakes
  32 orange demons
  An orc skeleton (Pan)
  31 yaktaurs
  A black draconian zombie (Crypt:1)
  10 tormentors (Pan)
  9 komodo dragons
  A komodo dragon (shapeshifter) (D:15)
  3 spectral deep trolls (Crypt:2)
  6 freezing wraiths
  7 efreet
  3 guardian mummies
  9 red devils
  An anaconda simulacrum (Crypt:2)
  A harpy zombie (Crypt:1)
  27 merfolk
  5 ice devils
  A tengu conjurer (Depths:4)
  4 meliai
  A yaktaur skeleton (Vaults:2)
  A sea snake skeleton (Crypt:2)
  8 trolls
  Prince Ribbit (Lair:2)
  A hornet (shapeshifter) (D:15)
  23 hellwings
  7 polar bears
  7 snapping turtles
  8 wind drakes
  2 shadow dragon simulacra (Depths:3)
  2 harpy skeletons
  3 raiju
  3 hornets (Depths:3)
  13 dream sheep
  An ettin zombie (Crypt:3)
  A tarantella (shapeshifter) (Elf:3)
  16 blink frogs
  A blink frog (shapeshifter) (D:15)
  An ice dragon zombie (Crypt:1)
  A snapping turtle (shapeshifter) (Depths:2)
  8 air elementals
  An ettin skeleton (Crypt:1)
  6 flying skulls (Crypt:1)
  A guardian serpent skeleton (Crypt:1)
  5 shadows
  11 wraiths
  52 ynoxinuls
  5 wyverns
  29 water elementals
  Grum (D:9)
  A yak (shapeshifter) (D:15)
  A black mamba skeleton (Pan)
  70 yaks
  A hog (shapeshifter) (D:14)
  6 vampires
  5 hogs (Shoals:2)
  7 fire elementals
  A steam dragon (D:9)
  23 vampire mosquitoes
  41 chaos spawn (Pan)
  36 neqoxecs
  A yaktaur simulacrum (Vaults:2)
  4 basilisks
  A warg (Vaults:1)
  Menkaure (D:4)
  A harpy simulacrum (Crypt:1)
  2 redbacks
  4 acid dragons
  52 nagas
  12 water moccasins
  61 large abominations (Pan)
  Duvessa (D:5)
  A naga skeleton (Pan)
  5 hell hounds (Pan)
  A faun skeleton (Crypt:1)
  3 ice beasts (D:6)
  27 orc warriors
  4 sky beasts
  3 black bears
  A hornet zombie (Crypt:2)
  A snapping turtle zombie (Crypt:1)
  19 centaurs
  19 wolves
  10 ogres
  A boggart (D:15)
  A boggart (shapeshifter) (D:8)
  A swamp dragon skeleton (Pan)
  6 kobold brigands
  An elf zombie (Ossuary)
  5 earth elementals
  16 bullfrogs
  4 scorpions
  2 gnoll sergeants
  A necrophage (D:7)
  A glowing shapeshifter simulacrum (Depths:3)
  14 wights
  Dowan (D:5)
  18 killer bees
  2 lindwurm simulacra (IceCv)
  4 howler monkeys
  2 jellies
  6 centaur zombies
  2 crimson imps (Gauntlet)
  A wolf skeleton (Crypt:2)
  8 komodo dragon simulacra (IceCv)
  2 gnoll shamans
  A hound (D:6)
  22 orc priests
  7 human zombies (Ossuary)
  2 lightning spires (Gauntlet)
  18 orc wizards
  4 mummies
  10 gnolls
  6 acid dragon simulacra (IceCv)
  5 adders
  A river rat (Sewer)
  4 steam dragon simulacra (IceCv)
  An ufetubus (D:6)
  3 worms
  81 orcs
  6 bats
  5 giant cockroaches
  6 goblins
  2 hobgoblins
  A jackal (Sewer)
  11 quokkas
  6 ball pythons
  A ball python zombie (Crypt:2)
  A dart slug zombie (Crypt:2)
  A frilled lizard (D:2)
  28 kobolds
  4 rats (D:1)
  3 fire vortices (Pan)
  A foxfire (D:5)
3006 creatures vanquished.

Vanquished Creatures (collateral kills)
  A pandemonium lord (Pan)
  A Tzitzimitl (Pan)
  An Ice Fiend (Pan)
  A lich (Crypt:3)
  A vault warden (Vaults:4)
  A cacodemon (Pan)
  A deep elf elementalist (Elf:3)
  2 demonspawn corrupters (Pan)
  A draconian shifter (Zot:1)
  A draconian annihilator (Zot:1)
  A very ugly thing (Vaults:1)
  4 ironbound thunderhulks
  An ophan (Pan)
  A stone giant (Vaults:5)
  An apis (Pan)
  A yellow draconian (Zot:1)
  A deep elf annihilator (Elf:3)
  2 eidola
  An ettin (Vaults:5)
  A blizzard demon (Pan)
  2 deep elf death magi (Elf:3)
  A mummy priest (Tomb:1)
  2 centaur warriors (Vaults:1)
  An ironbound frostheart (Vaults:4)
  2 sun demons (Pan)
  A skeletal warrior (Crypt:3)
  A shadow wraith (Crypt:3)
  A sixfirhy (Pan)
  A shadow demon (Pan)
  2 flayed ghosts (Crypt:3)
  An orc sorcerer (Vaults:1)
  3 phantasmal warriors
  An ugly thing (Vaults:4)
  A harpy (Vaults:1)
  A moth of wrath (Zot:1)
  A vault sentinel (Vaults:4)
  2 orange demons (Pan)
  3 smoke demons (Pan)
  5 tormentors (Pan)
  3 yaktaurs (Vaults:5)
  3 ynoxinuls (Pan)
  A neqoxec (Pan)
  A large abomination (Pan)
  A wight (Crypt:3)
66 creatures vanquished.

Vanquished Creatures (others)
  2 acid blobs
  A draconian monk (Zot:3)
  Ilsuiw (Shoals:2)
  A fire giant (shapeshifter) (Depths:4)
  A fire giant (Depths:1)
  A balrug (Pan)
  A deep elf sorcerer (Elf:2)
  A quicksilver ooze (shapeshifter) (D:13)
  An ironbound thunderhulk (Vaults:3)
  A reaper (Pan)
  A demonspawn corrupter (Pan)
  A white draconian (Zot:4)
  A blizzard demon (Pan)
  5 great orbs of eyes
  3 yaktaur captains
  2 rakshasas (Depths:3)
  An ice dragon (Depths:3)
  5 glowing orange brains
  2 dancing weapons (Elf:2)
  A deep troll shaman (Depths:3)
  2 orc high priests (Orc:2)
  A soul eater (Pan)
  2 sun demons (Pan)
  3 deep elf knights (Elf:2)
  A glowing orange brain (shapeshifter) (Vaults:5)
  2 eyes of devastation (Pan)
  A harpy (shapeshifter) (D:15)
  A deep elf archer (Elf:2)
  A harpy (Vaults:4)
  An ironbound convoker (Vaults:3)
  4 deep elf zephyrmancers
  A deep elf pyromancer (Elf:2)
  3 orc knights (Orc:2)
  A necromancer (Vaults:2)
  15 slime creatures
  A manticore (shapeshifter) (Vaults:5)
  An ugly thing (Depths:2)
  A moth of wrath (shapeshifter) (D:15)
  A vault sentinel (Vaults:3)
  An orange demon (Pan)
  3 smoke demons
  A hellion (Pan)
  4 yaktaurs
  A merfolk (Shoals:4)
  2 harpy skeletons (Pan)
  A raiju (shapeshifter) (Vaults:5)
  A slime creature (shapeshifter) (Vaults:5)
  2 water elementals
  A centaur simulacrum (D:15)
  A spriggan (Depths:3)
  7 ynoxinuls (Pan)
  A floating eye (Depths:3)
  A chaos spawn (Pan)
  2 neqoxecs (Pan)
  A naga (Snake:3)
  A water moccasin (Lair:1)
  11 orc warriors (Orc:2)
  A swamp drake (shapeshifter) (Vaults:3)
  A wolf (D:9)
  2 centaurs
  A kobold brigand (D:10)
  5 wights
  2 killer bees (D:10)
  459 jellies
  12 orc priests (Orc:2)
  An iguana (D:3)
  2 orc wizards (D:11)
  7 adders
  A gnoll (D:5)
  A river rat (Sewer)
  A steam dragon simulacrum (IceCv)
  21 orcs
  3 bats (Sewer)
  An endoplasm (Sewer)
  3 goblins
  2 hobgoblins (D:2)
  A jackal (Sewer)
  3 quokkas
  3 ball pythons
  2 frilled lizards (Sewer)
  6 kobolds
  A rat (D:2)
  4 bushes (Depths:3)
  A butterfly (Depths:3)
  66 foxfires
  104 fungi
  254 plants
  4 starspawn tentacles (Pan)
  50 withered plants
1143 creatures vanquished.

Grand Total: 4215 creatures vanquished

Notes
Turn   | Place    | Note
-------+----------+-------------------------------------------
     0 | D:1      | enile the Demonspawn Wanderer began the quest for the Orb.
     0 | D:1      | enile set off with the following items: a +2 hunting sling,
                  | a +0 cloak, a scroll of teleportation, a +0 robe; and the
                  | following spell memorised: Foxfire; and the following
                  | spells available to memorise: Dazzling Flash
     0 | D:1      | Reached XP level 1. HP: 16/16 MP: 2/2
   202 | D:1      | Discovered your monstrous ancestry.
   202 | D:1      | Gained mutation: You have a small tail. [demonic ancestry]
   202 | D:1      | Reached XP level 2. HP: 23/23 MP: 3/3
   490 | D:1      | Found a faded altar of an unknown god.
   552 | D:1      | Prayed at the altar of an unknown god.
   552 | D:1      | Became a worshipper of Jiyva Jedgh the Shapeless
   552 | D:1      | Reached * piety under Jiyva
   641 | D:2      | Identified the +6 hand axe of Impatience {vorpal, rC+}
   754 | D:2      | You fall into a shaft and drop 1 floor!
   818 | D:3      | Reached skill level 1 in Dodging
   937 | D:3      | Gained mutation: You are partially covered in sharp spines.
                  | [demonic ancestry]
   937 | D:3      | Reached XP level 3. HP: 29/29 MP: 4/4
   975 | D:3      | Found a glowing drain.
   979 | Sewer    | Entered a sewer
  1008 | Sewer    | Reached ** piety under Jiyva
  1042 | Sewer    | Reached XP level 4. HP: 35/35 MP: 2/5
  2324 | D:3      | Reached *** piety under Jiyva
  2439 | D:4      | Found a staircase to the Ecumenical Temple.
  2524 | D:4      | Found a sand-covered staircase.
  2529 | Ossuary  | Entered an ossuary
  2575 | Ossuary  | Gained mutation: Your flesh is cold resistant. (rC+)
                  | [Jiyva's grace]
  2575 | Ossuary  | Gained mutation: Your flesh is very cold resistant. (rC++)
                  | [Jiyva's grace]
  2575 | Ossuary  | Gained mutation: Your flesh is almost immune to the effects
                  | of cold. (rC+++) [Jiyva's grace]
  2575 | Ossuary  | Gained mutation: You have a pair of small horns on your
                  | head. [Jiyva's grace]
  2584 | Ossuary  | Lost mutation: You have a pair of small horns on your head.
                  | [demonic ancestry]
  2584 | Ossuary  | Gained mutation: You have a pair of small antennae on your
                  | head. [demonic ancestry]
  2584 | Ossuary  | Reached XP level 5. HP: 38/42 MP: 6/6
  2609 | Ossuary  | Reached skill level 5 in Fighting
  2609 | Ossuary  | Reached XP level 6. HP: 49/51 MP: 7/7
  2636 | Ossuary  | Reached skill level 1 in Axes
  2704 | Ossuary  | Gained mutation: You have a tail ending in a sharp stinger.
                  | [demonic ancestry]
  2704 | Ossuary  | Reached XP level 7. HP: 31/56 MP: 8/8
  2895 | D:4      | Noticed Menkaure
  2907 | D:4      | Killed Menkaure
  3127 | D:5      | Entered Level 5 of the Dungeon
  3147 | D:5      | Found a runed translucent gate.
  3147 | D:5      | Found a runed translucent gate.
  3147 | D:5      | Found a runed translucent gate.
  3147 | D:5      | Noticed spaghetti's ghost (weakling DDDe)
  3325 | D:5      | Reached **** piety under Jiyva
  3419 | D:5      | Reached skill level 1 in Fire Magic
  3419 | D:5      | Reached skill level 1 in Unarmed Combat
  3521 | D:5      | Noticed Duvessa
  3526 | D:5      | Noticed Dowan
  3528 | D:5      | Killed Duvessa
  3529 | D:5      | Gained mutation: You have large cloven feet. [demonic
                  | ancestry]
  3529 | D:5      | Reached XP level 8. HP: 51/65 MP: 7/9
  3529 | D:5      | Killed Dowan
  3945 | D:6      | Reached skill level 5 in Dodging
  4028 | D:6      | Reached skill level 5 in Axes
  4156 | D:6      | Gained mutation: You have hoof-like feet. [demonic
                  | ancestry]
  4156 | D:6      | Reached XP level 9. HP: 72/72 MP: 10/10
  4493 | D:7      | Reached skill level 5 in Evocations
  4532 | D:7      | Found a flagged portal.
  4595 | Bailey   | Entered a bailey
  4595 | Bailey   | Lost mutation: Your flesh is almost immune to the effects
                  | of cold. (rC+++) [Jiyva's grace]
  4595 | Bailey   | Gained mutation: Your melee attacks may engulf your foes in
                  | ooze. [Jiyva's grace]
  4595 | Bailey   | Gained mutation: You have a small jelly attached to you
                  | that may absorb projectiles. [Jiyva's grace]
  4595 | Bailey   | Gained mutation: You have supernaturally acute eyesight.
                  | (SInv) [Jiyva's grace]
  4595 | Bailey   | Gained mutation: You are covered in slimy tendrils that may
                  | disarm your opponents. [Jiyva's grace]
  4776 | Bailey   | Noticed an orc knight
  4852 | Bailey   | Killed an orc knight
  4932 | Bailey   | Found the +5 sword of Power {vorpal}
  4932 | Bailey   | Found the +9 scales of the Dragon King {rPois rF+ rC+
                  | Will+}
  5287 | D:8      | Noticed a two-headed ogre
  5288 | D:8      | Reached XP level 10. HP: 82/91 MP: 11/11
  5315 | D:8      | Noticed Psyche
  5319 | D:8      | Noticed a rust devil
  5322 | D:8      | Killed Psyche
  5332 | D:8      | Identified the amulet "Neozaelink" {Spirit -Tele Dex+6}
  5335 | D:8      | Noticed a boulder beetle
  5338 | D:8      | Noticed a five-headed hydra
  5342 | D:8      | Identified the +9 battleaxe "Fehiehuc" {vorpal, rPois Str+4
                  | Int+5 Stlth-}
  5342 | D:8      | Noticed a centaur warrior
  5436 | D:8      | Killed a two-headed ogre
  5570 | D:8      | Identified the +4 halberd of the Tundras {vorpal, rElec
                  | rPois Int+4}
  5760 | D:8      | Noticed Erica
  5766 | D:8      | Killed Erica
  5767 | D:8      | Reached skill level 15 in Fighting
  5767 | D:8      | Reached skill level 1 in Long Blades
  5829 | D:8      | Noticed a manticore
  5833 | D:8      | Killed a manticore
  5851 | D:8      | Killed a boulder beetle
  5852 | D:8      | Reached skill level 1 in Armour
  6242 | D:8      | Identified the +8 scimitar of Ru's Approval {drain, rC+
                  | rN+}
  6245 | D:8      | Killed a centaur warrior
  6246 | D:8      | Gained mutation: You have a pair of antennae on your head.
                  | [demonic ancestry]
  6246 | D:8      | Reached XP level 11. HP: 69/102 MP: 9/12
  6557 | D:9      | Found a staircase to the Orcish Mines.
  6581 | D:9      | Noticed Grum
  6584 | D:9      | Killed Grum
  6609 | D:9      | Noticed Amaemon
  6619 | D:9      | Killed Amaemon
  6620 | D:9      | Reached skill level 5 in Armour
  6763 | D:9      | Noticed Harold
  6771 | D:9      | Killed Harold
  7202 | D:10     | Entered Level 10 of the Dungeon
  7224 | D:10     | Found a staircase to the Lair.
  7482 | D:10     | Gained mutation: Your translucent skin slightly reduces
                  | your foes' accuracy. (Stealth+) [Jiyva's grace]
  7482 | D:10     | Gained mutation: Your translucent skin reduces your foes'
                  | accuracy. (Stealth+) [Jiyva's grace]
  7482 | D:10     | Gained mutation: Your transparent skin significantly
                  | reduces your foes' accuracy. (Stealth+) [Jiyva's grace]
  7482 | D:10     | Gained mutation: You have acidic saliva. [Jiyva's grace]
  7484 | D:10     | Found a snail-covered altar of Cheibriados.
  7487 | D:10     | Found a radiant altar of Vehumet.
  7499 | D:10     | Found a shadowy altar of Dithmenos.
  7502 | D:10     | Found a hazy altar of Hepliaklqana.
  7612 | D:10     | Reached ***** piety under Jiyva
  8176 | Lair:1   | Entered Level 1 of the Lair of Beasts
  8424 | Lair:1   | Lost mutation: Your transparent skin significantly reduces
                  | your foes' accuracy. (Stealth+) [Jiyva's grace]
  8424 | Lair:1   | Lost mutation: Your translucent skin reduces your foes'
                  | accuracy. (Stealth+) [Jiyva's grace]
  8424 | Lair:1   | Lost mutation: Your translucent skin slightly reduces your
                  | foes' accuracy. (Stealth+) [Jiyva's grace]
  8424 | Lair:1   | Lost mutation: Your melee attacks may engulf your foes in
                  | ooze. [Jiyva's grace]
  8424 | Lair:1   | Gained mutation: Your body has grown eyes which may confuse
                  | attackers. (Acc +3) [Jiyva's grace]
  8424 | Lair:1   | Gained mutation: Your body has grown many eyes which may
                  | confuse attackers. (Acc +5) [Jiyva's grace]
  8424 | Lair:1   | Gained mutation: Your body is covered in eyes which may
                  | confuse attackers. (Acc +7, SInv) [Jiyva's grace]
  8424 | Lair:1   | Gained mutation: Your rubbery body absorbs attacks. (AC +1,
                  | EV +1) [Jiyva's grace]
  8441 | Lair:1   | Gained mutation: You are mostly covered in sharp spines.
                  | [demonic ancestry]
  8441 | Lair:1   | Reached XP level 12. HP: 104/109 MP: 13/13
  8463 | Lair:1   | Reached ****** piety under Jiyva
  9042 | Lair:2   | Found a staircase to the Snake Pit.
  9262 | Lair:2   | Noticed Prince Ribbit
  9265 | Lair:2   | Reached skill level 10 in Axes
  9275 | Lair:2   | Killed Prince Ribbit
  9642 | Lair:3   | Lost mutation: Your rubbery body absorbs attacks. (AC +1,
                  | EV +1) [Jiyva's grace]
  9642 | Lair:3   | Lost mutation: You are covered in slimy tendrils that may
                  | disarm your opponents. [Jiyva's grace]
  9642 | Lair:3   | Lost mutation: You have a small jelly attached to you that
                  | may absorb projectiles. [Jiyva's grace]
  9642 | Lair:3   | Gained mutation: Your flesh is almost immune to the effects
                  | of cold. (rC+++) [Jiyva's grace]
  9642 | Lair:3   | Gained mutation: Your flesh is heat resistant. (rF+)
                  | [Jiyva's grace]
  9642 | Lair:3   | Gained mutation: Your flesh is very heat resistant. (rF++)
                  | [Jiyva's grace]
  9642 | Lair:3   | Gained mutation: Your flesh is almost immune to the effects
                  | of heat. (rF+++) [Jiyva's grace]
  9880 | Lair:3   | Found a staircase to the Shoals.
 10119 | Lair:4   | Gained mutation: You regenerate magic rapidly. [demonic
                  | ancestry]
 10119 | Lair:4   | Reached XP level 13. HP: 104/115 MP: 12/14
 10130 | Lair:4   | Noticed Snorg
 10142 | Lair:4   | Killed Snorg
 10833 | Lair:5   | Found a gate leading to a gauntlet.
 10848 | Gauntlet | Entered a Gauntlet
 10848 | Gauntlet | Found a transporter.
 10863 | Gauntlet | Found a transporter.
 10865 | Gauntlet | Found a transporter.
 10879 | Gauntlet | Found a transporter.
 10884 | Gauntlet | Noticed a green death
 10887 | Gauntlet | Found a transporter.
 10904 | Gauntlet | Found a transporter.
 10915 | Gauntlet | Found a transporter.
 10925 | Gauntlet | Found a transporter.
 10935 | Gauntlet | Lost mutation: Your flesh is almost immune to the effects
                  | of cold. (rC+++) [Jiyva's grace]
 10935 | Gauntlet | Lost mutation: Your flesh is almost immune to the effects
                  | of heat. (rF+++) [Jiyva's grace]
 10935 | Gauntlet | Gained mutation: You are partially covered in large bone
                  | plates. (SH +4) [Jiyva's grace]
 10935 | Gauntlet | Gained mutation: You are mostly covered in large bone
                  | plates. (SH +6) [Jiyva's grace]
 10935 | Gauntlet | Gained mutation: You are completely covered in large bone
                  | plates. (SH +8) [Jiyva's grace]
 10935 | Gauntlet | Gained mutation: You have very sharp teeth. [Jiyva's grace]
 10937 | Gauntlet | Found a transporter.
 10952 | Gauntlet | Found a transporter.
 10955 | Gauntlet | Found a transporter.
 10955 | Gauntlet | Found a transporter.
 10960 | Gauntlet | Found a transporter.
 10961 | Gauntlet | Found a transporter.
 11106 | Gauntlet | Reached skill level 10 in Armour
 11188 | Gauntlet | Lost mutation: Your flesh is very heat resistant. (rF++)
                  | [potion of mutation]
 11188 | Gauntlet | Lost mutation: You have acidic saliva. [potion of mutation]
 11188 | Gauntlet | Lost mutation: You have very sharp teeth. [potion of
                  | mutation]
 11188 | Gauntlet | Gained mutation: Your movements are slightly less
                  | encumbered by armour. (ER -2) [potion of mutation]
 11188 | Gauntlet | Gained mutation: You expend magic power (3 MP) to
                  | strengthen your wands. [potion of mutation]
 11188 | Gauntlet | Gained mutation: Your skin changes colour to match your
                  | surroundings (Stealth+). [potion of mutation]
 11195 | Gauntlet | Identified the +5 ring mail "Rumo" {rElec Will- Str+4
                  | Dex+8}
 11195 | Gauntlet | Identified the ring of Hospitality {*Corrode Fly rN+ Str+7
                  | SInv}
 11195 | Gauntlet | Noticed a minotaur
 11202 | Gauntlet | Killed a minotaur
 11559 | Lair:5   | Found a staircase to the Slime Pits.
 11989 | Lair:6   | Entered Level 6 of the Lair of Beasts
 12326 | Lair:6   | Gained mutation: You are completely covered in sharp
                  | spines. [demonic ancestry]
 12326 | Lair:6   | Reached XP level 14. HP: 107/123 MP: 15/15
 13180 | Orc:1    | Entered Level 1 of the Orcish Mines
 13262 | Orc:2    | Entered Level 2 of the Orcish Mines
 13306 | Orc:2    | Noticed an orc warlord
 13324 | Orc:2    | Slimified an orc warlord
 13324 | Orc:2    | Noticed an azure jelly
 13324 | Orc:2    | an orc warlord changed into an azure jelly
 13441 | Orc:2    | Found a burning altar of Makhleb.
 13445 | Orc:2    | Lost mutation: You are completely covered in large bone
                  | plates. (SH +8) [Jiyva's grace]
 13445 | Orc:2    | Lost mutation: You are mostly covered in large bone plates.
                  | (SH +6) [Jiyva's grace]
 13445 | Orc:2    | Lost mutation: Your flesh is very cold resistant. (rC++)
                  | [Jiyva's grace]
 13445 | Orc:2    | Lost mutation: Your body is covered in eyes which may
                  | confuse attackers. (Acc +7, SInv) [Jiyva's grace]
 13445 | Orc:2    | Gained mutation: You are covered in fur. (AC +1) [Jiyva's
                  | grace]
 13445 | Orc:2    | Gained mutation: You are covered in thick fur. (AC +2)
                  | [Jiyva's grace]
 13445 | Orc:2    | Gained mutation: Your thick and shaggy fur keeps you warm.
                  | (AC +3, rC+) [Jiyva's grace]
 13445 | Orc:2    | Gained mutation: Your flesh is very cold resistant. (rC++)
                  | [Jiyva's grace]
 13475 | Orc:2    | Found a staircase to the Elven Halls.
 13511 | Orc:2    | Found a flickering gateway to a bazaar.
 13517 | Bazaar   | Entered a bazaar
 13518 | Bazaar   | Found Gali's Book Shoppe.
 13525 | Bazaar   | Found Imymiowi's Antique Armour Shoppe.
 13531 | Bazaar   | Found Urry's Assorted Antiques.
 13573 | Bazaar   | Found Jose's Book Boutique.
 13617 | Bazaar   | Bought a crooked fluorescent wand for 152 gold pieces
 13617 | Bazaar   | Bought a scroll of magic mapping for 133 gold pieces
 13791 | Orc:2    | Found Xoid Vu Hyo's Antique Armour Emporium.
 13791 | Orc:2    | Found Otyjaph Bivo's Magic Scroll Emporium.
 13792 | Orc:2    | Found Huma Zum's Magic Scroll Shoppe.
 13792 | Orc:2    | Found Tesuaf's Antique Armour Emporium.
 13808 | Orc:2    | Bought a scroll of teleportation for 42 gold pieces
 14979 | D:12     | Noticed Nergalle
 14985 | D:12     | Killed Nergalle
 15412 | D:13     | Killed a quicksilver ooze
 15416 | D:13     | Lost mutation: Your flesh is very cold resistant. (rC++)
                  | [Jiyva's grace]
 15416 | D:13     | Lost mutation: Your thick and shaggy fur keeps you warm.
                  | (AC +3, rC+) [Jiyva's grace]
 15416 | D:13     | Gained mutation: You have acidic saliva. [Jiyva's grace]
 15416 | D:13     | Gained mutation: You are partially covered in iridescent
                  | scales. (AC +2) [Jiyva's grace]
 15416 | D:13     | Gained mutation: You are mostly covered in iridescent
                  | scales. (AC +4) [Jiyva's grace]
 15416 | D:13     | Gained mutation: You are completely covered in iridescent
                  | scales. (AC +6) [Jiyva's grace]
 15436 | D:13     | Found a frozen archway.
 15444 | D:13     | Reached skill level 10 in Evocations
 15451 | D:13     | Gained mutation: When hurt, damage is shared between your
                  | health and your magic reserves. [demonic ancestry]
 15451 | D:13     | Reached XP level 15. HP: 129/129 MP: 16/16
 15474 | IceCv    | Entered an ice cave
 15604 | IceCv    | Identified the amulet "Hoivae" {Spirit Dex+5}
 16346 | D:13     | Found a runed translucent door.
 16346 | D:13     | Identified the ring of Jatef {rElec Will+ Str+3 SInv}
 16350 | D:13     | Identified the +2 scimitar of Disorder {drain, rF- Str+2
                  | Int+2}
 16350 | D:13     | Identified the +6 hunting sling of Upheaval {vorpal, rF+
                  | rCorr MP+9 Str-3}
 16408 | D:13     | Got the Almanac of Attacks
 16469 | D:14     | Noticed Lodul
 16478 | D:14     | Killed Lodul
 16479 | D:14     | Reached skill level 5 in Stealth
 16683 | D:14     | Noticed Agnes
 16690 | D:14     | Killed Agnes
 16766 | D:14     | Lost mutation: You are completely covered in iridescent
                  | scales. (AC +6) [Jiyva's grace]
 16766 | D:14     | Lost mutation: You are covered in thick fur. (AC +2)
                  | [Jiyva's grace]
 16766 | D:14     | Lost mutation: Your body has grown many eyes which may
                  | confuse attackers. (Acc +5) [Jiyva's grace]
 16766 | D:14     | Gained mutation: You are robust. (+10% HP) [Jiyva's grace]
 16766 | D:14     | Gained mutation: You are very robust. (+20% HP) [Jiyva's
                  | grace]
 16766 | D:14     | Gained mutation: You are extremely robust. (+30% HP)
                  | [Jiyva's grace]
 16766 | D:14     | Lost mutation: Your skin changes colour to match your
                  | surroundings (Stealth+). [Jiyva's grace]
 16766 | D:14     | Gained mutation: Your translucent skin slightly reduces
                  | your foes' accuracy. (Stealth+) [Jiyva's grace]
 16804 | D:14     | Noticed Jorgrun
 16815 | D:14     | Killed Jorgrun
 17116 | D:14     | Found a gate to the Vaults.
 17417 | Slime:1  | Entered Level 1 of the Pits of Slime
 17417 | Slime:1  | Noticed a rockslime
 17417 | Slime:1  | Noticed an acid blob
 17417 | Slime:1  | Noticed an acid blob
 17417 | Slime:1  | Noticed an azure jelly
 17419 | Slime:1  | Noticed a rockslime
 17918 | Elf:1    | Entered Level 1 of the Elven Halls
 17927 | Elf:1    | Paralysed by an air elemental for 1 turns
 18141 | Elf:1    | Paralysed by an air elemental for 1 turns
 18144 | Elf:1    | Paralysed by an air elemental for 1 turns
 18273 | Elf:1    | Found Urha's Jewellery Shoppe.
 18287 | Elf:1    | Bought a +4 ring of slaying for 1014 gold pieces
 18359 | Elf:1    | Noticed Zenata
 18371 | Elf:1    | Killed Zenata
 18372 | Elf:1    | Gained mutation: You have hooves in place of feet. [demonic
                  | ancestry]
 18372 | Elf:1    | Reached XP level 16. HP: 93/176 MP: 10/17
 18593 | Elf:1    | Noticed Azrael
 18637 | Elf:1    | Reached skill level 15 in Axes
 18650 | Elf:1    | Reached skill level 1 in Throwing
 18671 | Elf:1    | Killed Azrael
 19009 | Elf:2    | Found a runed translucent door.
 19013 | Elf:2    | Noticed spaghetti's ghost (adept DDFi)
 19112 | Elf:2    | Reached skill level 10 in Dodging
 19218 | Elf:2    | Found Tuixiv's Book Emporium.
 19270 | Elf:2    | Found a runed translucent gate.
 19271 | Elf:2    | Found a runed translucent gate.
 19271 | Elf:2    | Found a runed translucent gate.
 19421 | Elf:2    | Noticed a deep elf blademaster
 19429 | Elf:2    | Slimified a deep elf blademaster
 19429 | Elf:2    | Noticed an acid blob
 19429 | Elf:2    | a deep elf blademaster changed into an acid blob
 19521 | Elf:2    | Lost mutation: You are mostly covered in iridescent scales.
                  | (AC +4) [Jiyva's grace]
 19521 | Elf:2    | Lost mutation: You are partially covered in iridescent
                  | scales. (AC +2) [Jiyva's grace]
 19521 | Elf:2    | Lost mutation: Your flesh is heat resistant. (rF+) [Jiyva's
                  | grace]
 19521 | Elf:2    | Lost mutation: You are extremely robust. (+30% HP) [Jiyva's
                  | grace]
 19521 | Elf:2    | Gained mutation: Your body has grown many eyes which may
                  | confuse attackers. (Acc +5) [Jiyva's grace]
 19521 | Elf:2    | Gained mutation: Your body is covered in eyes which may
                  | confuse attackers. (Acc +7, SInv) [Jiyva's grace]
 19521 | Elf:2    | Gained mutation: You have a small jelly attached to you
                  | that senses nearby items. [Jiyva's grace]
 19521 | Elf:2    | Gained mutation: You have a pair of large antennae on your
                  | head. (SInv) [Jiyva's grace]
 19791 | Elf:3    | Entered Level 3 of the Elven Halls
 19899 | Elf:3    | Noticed Roxanne
 19913 | Elf:3    | Killed Roxanne
 19934 | Elf:3    | Noticed a deep elf blademaster
 19941 | Elf:3    | Killed a deep elf blademaster
 19947 | Elf:3    | Cast into level 2 of the Abyss (a deep elf sorcerer)
 19960 | Abyss:2  | Found a sacrificial altar of Ru.
 19974 | Elf:3    | Escaped the Abyss
 20000 | Elf:3    | Noticed a deep elf master archer
 20006 | Elf:3    | Noticed a deep elf master archer
 20011 | Elf:3    | Killed a deep elf master archer
 20012 | Elf:3    | Noticed a deep elf blademaster
 20013 | Elf:3    | Noticed an acid blob
 20013 | Elf:3    | a deep elf sorcerer changed into an acid blob
 20022 | Elf:3    | Killed an acid blob
 20026 | Elf:3    | Noticed an Ice Fiend
 20026 | Elf:3    | Killed a deep elf blademaster
 20030 | Elf:3    | Killed a deep elf master archer
 20031 | Elf:3    | Mutation became permanent: You have a pair of antennae on
                  | your head. [demonic ancestry]
 20031 | Elf:3    | Gained mutation: You have a pair of large antennae on your
                  | head. (SInv) [demonic ancestry]
 20031 | Elf:3    | Reached XP level 17. HP: 53/170 MP: 9/18
 20304 | Elf:3    | Found Zeryfraekh's Book Boutique.
 20454 | Elf:3    | Identified the +3 battleaxe of Biqur {vorpal, rF+ Int+3
                  | Dex+4}
 20454 | Elf:3    | Identified the +6 swamp dragon scales of Perfidy {rPois
                  | MP+9}
 20469 | Elf:3    | Noticed a Hell Sentinel
 20633 | Elf:3    | Identified the +5 chain mail of Inosy Batif {Drain rElec
                  | rCorr Int+2}
 20636 | Elf:3    | Got the Compendium of Weightlessness
 20648 | Elf:3    | Got The Advanced Guide to Hermeneutics
 20650 | Elf:3    | Identified the ring "Faafygg" {MP+9 Dex+2}
 20657 | Elf:3    | Got the Almanac of the Traveller and Fire
 20658 | Elf:3    | Identified the ring "Moelov" {rPois rF- rC+ rN+ Int+4}
 20660 | Elf:3    | Identified the +1 scimitar of Tension {freeze, rC+ Will+
                  | SInv}
 21074 | Slime:1  | Noticed an acid blob
 21077 | Slime:1  | Noticed an acid blob
 21082 | Slime:1  | Noticed an acid blob
 21091 | Slime:2  | Noticed an acid blob
 21255 | Slime:4  | Noticed Dissolution
 21258 | Slime:4  | Noticed an acid blob
 21265 | Slime:4  | Noticed an acid blob
 21269 | Slime:5  | Entered Level 5 of the Pits of Slime
 21288 | Slime:5  | Found a viscous altar of Jiyva.
 21290 | Slime:5  | Noticed an acid blob
 21290 | Slime:5  | Noticed an acid blob
 21290 | Slime:5  | Noticed the Royal Jelly
 21293 | Slime:5  | Noticed an acid blob
 21294 | Slime:5  | Noticed an acid blob
 21300 | Slime:5  | Got a slimy rune of Zot
 21312 | Slime:5  | Identified the +1 scale mail of Orovvouts {rElec}
 21315 | Slime:5  | Noticed an acid blob
 21319 | Slime:5  | Identified the +11 war axe of Greed {freeze, rPois rCorr
                  | Str-5 Int+3}
 21323 | Slime:5  | Got the Incunabulum of Earthen Unholy Secrets
 21325 | Slime:5  | Identified the +0 ring mail of Prudence {rElec Dex+4}
 21333 | Slime:5  | Identified the +2 leather armour of Claustrophobia {Harm}
 21336 | Slime:5  | Got the Grimoire of Supportive Ice
 21465 | Slime:5  | Noticed an acid blob
 21490 | Slime:5  | Noticed an acid blob
 21754 | Shoals:1 | Entered Level 1 of the Shoals
 21867 | Shoals:1 | Found a radiant altar of Vehumet.
 22228 | Shoals:1 | Found Offi's Book Shop.
 22823 | Shoals:2 | Lost mutation: Your flesh is cold resistant. (rC+) [Jiyva's
                  | grace]
 22823 | Shoals:2 | Lost mutation: You are very robust. (+20% HP) [Jiyva's
                  | grace]
 22823 | Shoals:2 | Lost mutation: You are covered in fur. (AC +1) [Jiyva's
                  | grace]
 22823 | Shoals:2 | Lost mutation: Your translucent skin slightly reduces your
                  | foes' accuracy. (Stealth+) [Jiyva's grace]
 22823 | Shoals:2 | Lost mutation: Your movements are slightly less encumbered
                  | by armour. (ER -2) [Jiyva's grace]
 22823 | Shoals:2 | Gained mutation: Your flesh is heat resistant. (rF+)
                  | [Jiyva's grace]
 22823 | Shoals:2 | Gained mutation: Your flesh is very heat resistant. (rF++)
                  | [Jiyva's grace]
 22823 | Shoals:2 | Gained mutation: Your flesh is almost immune to the effects
                  | of heat. (rF+++) [Jiyva's grace]
 22823 | Shoals:2 | Gained mutation: You have hidden genetic potential.
                  | [Jiyva's grace]
 22970 | Shoals:2 | Noticed Ilsuiw
 22984 | Shoals:2 | Killed Ilsuiw
 23070 | Shoals:2 | Noticed Kirke
 23148 | Shoals:2 | Killed Kirke
 23294 | Shoals:2 | Noticed Polyphemus
 23319 | Shoals:2 | Killed Polyphemus
 23532 | Shoals:3 | Reached XP level 18. HP: 169/169 MP: 19/19
 23927 | Shoals:4 | Entered Level 4 of the Shoals
 23959 | Shoals:4 | Noticed Nikola
 23991 | Shoals:4 | Killed Nikola
 24094 | Shoals:4 | Paralysed by an air elemental for 1 turns
 24258 | Shoals:4 | Paralysed by an air elemental for 1 turns
 24383 | Shoals:4 | Got a barnacled rune of Zot
 24544 | Shoals:4 | Found a blossoming altar of Fedhas.
 24551 | Shoals:4 | Lost mutation: Your flesh is almost immune to the effects
                  | of heat. (rF+++) [Jiyva's grace]
 24551 | Shoals:4 | Lost mutation: Your flesh is very heat resistant. (rF++)
                  | [Jiyva's grace]
 24551 | Shoals:4 | Lost mutation: You have acidic saliva. [Jiyva's grace]
 24551 | Shoals:4 | Lost mutation: Your body is covered in eyes which may
                  | confuse attackers. (Acc +7, SInv) [Jiyva's grace]
 24551 | Shoals:4 | Lost mutation: You have a small jelly attached to you that
                  | senses nearby items. [Jiyva's grace]
 24551 | Shoals:4 | Gained mutation: You possess an exceptional clarity of
                  | mind. [Jiyva's grace]
 24551 | Shoals:4 | Gained mutation: Your system is resistant to poisons.
                  | (rPois) [Jiyva's grace]
 24551 | Shoals:4 | Gained mutation: Your spells are a little harder to cast,
                  | but a little more powerful. [Jiyva's grace]
 24551 | Shoals:4 | Gained mutation: Your spells are harder to cast, but more
                  | powerful. [Jiyva's grace]
 24644 | Shoals:4 | Paralysed by an air elemental for 1 turns
 24925 | Shoals:4 | Paralysed by an air elemental for 1 turns
 25269 | Vaults:1 | Entered Level 1 of the Vaults
 25411 | Vaults:1 | Noticed Saint Roka
 25430 | Vaults:1 | Killed Saint Roka
 25476 | Vaults:1 | Gained mutation: You are mostly covered in large bone
                  | plates. (SH +6) [hidden potential]
 25846 | Vaults:1 | Identified the ring of Sezyo {*Corrode rElec rC+ Str-3
                  | Dex+8}
 26309 | Vaults:2 | Lost mutation: You are mostly covered in large bone plates.
                  | (SH +6) [Jiyva's grace]
 26309 | Vaults:2 | Lost mutation: Your flesh is heat resistant. (rF+) [Jiyva's
                  | grace]
 26309 | Vaults:2 | Lost mutation: Your spells are harder to cast, but more
                  | powerful. [Jiyva's grace]
 26309 | Vaults:2 | Lost mutation: Your body has grown many eyes which may
                  | confuse attackers. (Acc +5) [Jiyva's grace]
 26309 | Vaults:2 | Lost mutation: You have hidden genetic potential. [Jiyva's
                  | grace]
 26309 | Vaults:2 | Gained mutation: You have a somewhat thin skeletal
                  | structure. (Dex +2, Stealth+) [Jiyva's grace]
 26309 | Vaults:2 | Gained mutation: You have a moderately thin skeletal
                  | structure. (Dex +4, Stealth++) [Jiyva's grace]
 26309 | Vaults:2 | Gained mutation: You have an unnaturally thin skeletal
                  | structure. (Dex +6, Stealth+++) [Jiyva's grace]
 26309 | Vaults:2 | Gained mutation: You are very robust. (+20% HP) [Jiyva's
                  | grace]
 26449 | Vaults:2 | Reached XP level 19. HP: 187/199 MP: 20/20
 26761 | Vaults:2 | Reached skill level 15 in Armour
 27256 | Vaults:3 | Found a staircase to the Crypt.
 27609 | Vaults:3 | Found a portal to a secret trove of treasure.
 28040 | Vaults:3 | You fall into a shaft and drop 1 floor!
 28107 | Vaults:3 | Lost mutation: You are partially covered in large bone
                  | plates. (SH +4) [Jiyva's grace]
 28107 | Vaults:3 | Lost mutation: You have an unnaturally thin skeletal
                  | structure. (Dex +6, Stealth+++) [Jiyva's grace]
 28107 | Vaults:3 | Lost mutation: You possess an exceptional clarity of mind.
                  | [Jiyva's grace]
 28107 | Vaults:3 | Gained mutation: You are partially covered in iridescent
                  | scales. (AC +2) [Jiyva's grace]
 28107 | Vaults:3 | Gained mutation: You are mostly covered in iridescent
                  | scales. (AC +4) [Jiyva's grace]
 28107 | Vaults:3 | Gained mutation: You are completely covered in iridescent
                  | scales. (AC +6) [Jiyva's grace]
 28107 | Vaults:3 | Gained mutation: Your muscles are strong. (Str +2) [Jiyva's
                  | grace]
 28400 | Vaults:4 | Found Izxuvukk's Armour Shop.
 28762 | Vaults:4 | Reached skill level 15 in Evocations
 29022 | Vaults:4 | Reached XP level 20. HP: 208/208 MP: 21/21
 29240 | Vaults:4 | Found Wafilaju's Book Shop.
 29634 | Vaults:4 | Found Udgha's Jewellery Shop.
 30023 | Crypt:1  | Entered Level 1 of the Crypt
 30118 | Crypt:1  | Noticed Sojobo
 30129 | Crypt:1  | Noticed Margery
 30132 | Crypt:1  | Paralysed by an air elemental for 1 turns
 30134 | Crypt:1  | Was placed under penance by Jiyva
 30136 | Crypt:1  | Killed Sojobo
 30139 | Crypt:1  | Killed Margery
 30341 | Crypt:1  | Gained mutation: You are dopey. (Int -2) [the all-consuming
                  | vengeance of Jiyva]
 30341 | Crypt:1  | Gained mutation: You are very dopey. (Int -4) [the
                  | all-consuming vengeance of Jiyva]
 30341 | Crypt:1  | Gained mutation: Your magical capacity is low. (-10% MP)
                  | [the all-consuming vengeance of Jiyva]
 30341 | Crypt:1  | Lost mutation: Your body has grown eyes which may confuse
                  | attackers. (Acc +3) [the all-consuming vengeance of Jiyva]
 31199 | Crypt:2  | Was forgiven by Jiyva
 31408 | Crypt:2  | Reached skill level 5 in Spellcasting
 31681 | Crypt:2  | Lost mutation: You have supernaturally acute eyesight.
                  | (SInv) [Jiyva's grace]
 31681 | Crypt:2  | Lost mutation: You are very dopey. (Int -4) [Jiyva's grace]
 31681 | Crypt:2  | Lost mutation: You are dopey. (Int -2) [Jiyva's grace]
 31681 | Crypt:2  | Lost mutation: Your system is resistant to poisons. (rPois)
                  | [Jiyva's grace]
 31681 | Crypt:2  | Lost mutation: You are very robust. (+20% HP) [Jiyva's
                  | grace]
 31681 | Crypt:2  | Gained mutation: You are covered in slimy tendrils that may
                  | disarm your opponents. [Jiyva's grace]
 31681 | Crypt:2  | Gained mutation: You have an unnaturally thin skeletal
                  | structure. (Dex +6, Stealth+++) [Jiyva's grace]
 31681 | Crypt:2  | Gained mutation: Armour fits poorly on your pseudopods.
                  | [Jiyva's grace]
 31681 | Crypt:2  | Gained mutation: Armour fits poorly on your large
                  | pseudopods. [Jiyva's grace]
 32270 | Crypt:3  | Entered Level 3 of the Crypt
 32578 | Crypt:3  | Identified the +5 rapier of Accord {venom, Contam rCorr
                  | Int+5 Stlth+}
 32651 | Crypt:3  | Found a staircase to the Tomb.
 32840 | Crypt:3  | Got the Grimoire of Enchantment and Dark Rituals
 32875 | Crypt:3  | Gained mutation: Your magical and physical power is
                  | slightly enhanced at high health. [demonic ancestry]
 32875 | Crypt:3  | Reached XP level 21. HP: 141/198 MP: 17/25
 33083 | Crypt:3  | Found the +6 Majin-Bo {vamp, MP+6 Int+6}
 33224 | Crypt:3  | Noticed an ancient lich
 33225 | Crypt:3  | Found an ancient bone altar of Kikubaaqudgha.
 33231 | Crypt:3  | Killed an ancient lich
 33942 | Snake:1  | Entered Level 1 of the Snake Pit
 34043 | Snake:1  | Lost mutation: You have an unnaturally thin skeletal
                  | structure. (Dex +6, Stealth+++) [Jiyva's grace]
 34043 | Snake:1  | Lost mutation: You have a moderately thin skeletal
                  | structure. (Dex +4, Stealth++) [Jiyva's grace]
 34043 | Snake:1  | Lost mutation: Your muscles are strong. (Str +2) [Jiyva's
                  | grace]
 34043 | Snake:1  | Lost mutation: Armour fits poorly on your large pseudopods.
                  | [Jiyva's grace]
 34043 | Snake:1  | Lost mutation: You are covered in slimy tendrils that may
                  | disarm your opponents. [Jiyva's grace]
 34043 | Snake:1  | Gained mutation: You are very robust. (+20% HP) [Jiyva's
                  | grace]
 34043 | Snake:1  | Gained mutation: You are extremely robust. (+30% HP)
                  | [Jiyva's grace]
 34043 | Snake:1  | Gained mutation: Your muscles are strong. (Str +2) [Jiyva's
                  | grace]
 34043 | Snake:1  | Gained mutation: Your muscles are very strong. (Str +4)
                  | [Jiyva's grace]
 34528 | Snake:2  | Found Boulown's Distillery.
 34531 | Snake:2  | Bought a potion of mutation for 144 gold pieces
 34531 | Snake:2  | Bought a potion of mutation for 144 gold pieces
 34531 | Snake:2  | Bought a potion of haste for 180 gold pieces
 34531 | Snake:2  | Bought 2 potions of heal wounds for 180 gold pieces
 34531 | Snake:2  | Bought a potion of curing for 54 gold pieces
 34531 | Snake:2  | Bought a potion of haste for 180 gold pieces
 34584 | Snake:2  | Found Qeol Sou's Weapon Boutique.
 34616 | Snake:2  | Found Momy's Magic Scroll Emporium.
 34624 | Snake:2  | Bought a scroll of teleportation for 57 gold pieces
 34624 | Snake:2  | Bought a scroll of fear for 66 gold pieces
 34624 | Snake:2  | Bought a scroll of teleportation for 57 gold pieces
 34624 | Snake:2  | Bought a scroll of teleportation for 57 gold pieces
 34626 | Snake:2  | Found Ojydy's Assorted Antiques.
 34647 | Snake:2  | Bought a scroll of teleportation for 111 gold pieces
 35452 | Snake:3  | Lost mutation: You are completely covered in iridescent
                  | scales. (AC +6) [Jiyva's grace]
 35452 | Snake:3  | Lost mutation: You are extremely robust. (+30% HP) [Jiyva's
                  | grace]
 35452 | Snake:3  | Lost mutation: Your muscles are very strong. (Str +4)
                  | [Jiyva's grace]
 35452 | Snake:3  | Lost mutation: Your spells are a little harder to cast, but
                  | a little more powerful. [Jiyva's grace]
 35452 | Snake:3  | Gained mutation: You have a moderately thin skeletal
                  | structure. (Dex +4, Stealth++) [Jiyva's grace]
 35452 | Snake:3  | Gained mutation: You have an unnaturally thin skeletal
                  | structure. (Dex +6, Stealth+++) [Jiyva's grace]
 35452 | Snake:3  | Gained mutation: Your translucent skin slightly reduces
                  | your foes' accuracy. (Stealth+) [Jiyva's grace]
 35452 | Snake:3  | Gained mutation: Your translucent skin reduces your foes'
                  | accuracy. (Stealth+) [Jiyva's grace]
 35737 | Snake:3  | Found an iron altar of Okawaru.
 36012 | Snake:4  | Entered Level 4 of the Snake Pit
 36413 | Snake:4  | Got a serpentine rune of Zot
 36544 | Snake:4  | Reached XP level 22. HP: 223/224 MP: 26/26
 36610 | Snake:4  | Reached skill level 15 in Dodging
 36721 | Snake:4  | Found Eggic's Neck Hole.
 36731 | Snake:4  | Bought a scarf of repulsion for 156 gold pieces
 36978 | Snake:4  | Found a runed translucent door.
 36983 | Snake:4  | Noticed boltboy's ghost (adept MiFi)
 37051 | Snake:4  | Killed boltboy's ghost
 37059 | Snake:4  | Identified the amulet of Enwum {+Blink Regen+ Dex+5}
 37547 | D:15     | Entered Level 15 of the Dungeon
 37694 | D:15     | Found a burning altar of Makhleb.
 37694 | D:15     | Found a sparkling altar of Nemelex Xobeh.
 37910 | D:15     | Identified the +2 leather armour of the Mauling Gods {SInv}
 38382 | D:15     | Found a staircase to the Depths.
 38410 | D:15     | Lost mutation: You have an unnaturally thin skeletal
                  | structure. (Dex +6, Stealth+++) [Jiyva's grace]
 38410 | D:15     | Lost mutation: Your magical capacity is low. (-10% MP)
                  | [Jiyva's grace]
 38410 | D:15     | Lost mutation: You are very robust. (+20% HP) [Jiyva's
                  | grace]
 38410 | D:15     | Gained mutation: Your flesh is cold resistant. (rC+)
                  | [Jiyva's grace]
 38410 | D:15     | Gained mutation: Your flesh is very cold resistant. (rC++)
                  | [Jiyva's grace]
 38410 | D:15     | Gained mutation: Your flesh is almost immune to the effects
                  | of cold. (rC+++) [Jiyva's grace]
 38410 | D:15     | Gained mutation: Your spells are a little harder to cast,
                  | but a little more powerful. [Jiyva's grace]
 38565 | Depths:1 | Entered Level 1 of the Depths
 38597 | Depths:1 | Found a one-way gateway to a ziggurat.
 38753 | Depths:1 | Found a gateway to Hell.
 38945 | Depths:1 | Found Urchaoq's Jewellery Emporium.
 39013 | Depths:1 | Found a corrupted altar of Lugonu.
 39013 | Depths:1 | Found a one-way gate to the infinite horrors of the Abyss.
 39212 | Depths:1 | Found a shadowy altar of Dithmenos.
 39784 | Depths:2 | Found a gateway to a bazaar.
 39817 | Depths:2 | Found an opulent altar of Gozag.
 39851 | Depths:2 | Gained mutation: When low on magic, you restore magic in
                  | place of health. [demonic ancestry]
 39851 | Depths:2 | Reached XP level 23. HP: 220/220 MP: 33/33
 40012 | Depths:2 | Found a one-way gate leading to the halls of Pandemonium.
 40261 | Depths:2 | Noticed a royal mummy
 40278 | Depths:2 | Killed a royal mummy
 40362 | Depths:2 | Lost mutation: You are robust. (+10% HP) [Jiyva's grace]
 40362 | Depths:2 | Lost mutation: Your translucent skin reduces your foes'
                  | accuracy. (Stealth+) [Jiyva's grace]
 40362 | Depths:2 | Gained mutation: You have hidden genetic potential.
                  | [Jiyva's grace]
 40362 | Depths:2 | Gained mutation: You have great hidden genetic potential.
                  | [Jiyva's grace]
 40362 | Depths:2 | Gained mutation: Your melee attacks may engulf your foes in
                  | ooze. [Jiyva's grace]
 40362 | Depths:2 | Gained mutation: Your spells are harder to cast, but more
                  | powerful. [Jiyva's grace]
 40635 | Depths:2 | Identified the +4 plate armour of the Arcadian God {rPois
                  | rN+++ Str-5 SInv}
 40833 | Depths:3 | Found a runed translucent gate.
 40833 | Depths:3 | Found a runed translucent gate.
 40834 | Depths:3 | Noticed a caustic shrike
 40835 | Depths:3 | Found a runed translucent gate.
 40835 | Depths:3 | Noticed a caustic shrike
 40836 | Depths:3 | Noticed Orcher's ghost (adept FeVM)
 41146 | Depths:3 | Noticed Louise
 41153 | Depths:3 | Killed Louise
 41818 | Depths:4 | Entered Level 4 of the Depths
 41839 | Depths:4 | Found Ekoted's Magic Scroll Boutique.
 41839 | Depths:4 | Found Koupamp's Assorted Antiques.
 41847 | Depths:4 | Bought a scroll of teleportation for 84 gold pieces
 41847 | Depths:4 | Bought a potion of mutation for 224 gold pieces
 41872 | Depths:4 | Bought a scroll of acquirement for 1092 gold pieces
 41924 | Depths:4 | Acquired 492 gold pieces
 42497 | Depths:4 | Lost mutation: Your flesh is almost immune to the effects
                  | of cold. (rC+++) [Jiyva's grace]
 42497 | Depths:4 | Lost mutation: You have great hidden genetic potential.
                  | [Jiyva's grace]
 42497 | Depths:4 | Lost mutation: You have hidden genetic potential. [Jiyva's
                  | grace]
 42497 | Depths:4 | Gained mutation: Your movements are slightly less
                  | encumbered by armour. (ER -2) [Jiyva's grace]
 42497 | Depths:4 | Gained mutation: Your movements are less encumbered by
                  | armour. (ER -4) [Jiyva's grace]
 42497 | Depths:4 | Gained mutation: Your movements are significantly less
                  | encumbered by armour. (ER -6) [Jiyva's grace]
 42497 | Depths:4 | Gained mutation: Your spells are much harder to cast, but
                  | much more powerful. [Jiyva's grace]
 42524 | Depths:4 | Found a gate to the Realm of Zot.
 43519 | Tomb:1   | Entered Level 1 of the Tomb of the Ancients
 44631 | Vaults:5 | Entered Level 5 of the Vaults
 44637 | Vaults:5 | Reached XP level 24. HP: 106/208 MP: 23/33
 44937 | Vaults:5 | Noticed an ancient lich
 44953 | Vaults:5 | Killed an ancient lich
 45112 | Vaults:5 | Identified the ring "Vuthu" {Contam AC+4 Str+9}
 45193 | Vaults:5 | Identified the ring of Riuwk {Str+6 Dex+2}
 45826 | Vaults:5 | Found the +7 captain's cutlass {speed, disarm}
 45841 | Vaults:5 | Got the Papyrus of Lethal Enchantment
 45846 | Vaults:5 | Got a silver rune of Zot
 45847 | Vaults:5 | Identified the +11 hunting sling "Gaimn" {flame, rN+++
                  | Will- MP+9 Dex-2}
 45848 | Vaults:5 | Identified the +6 hunting sling of Baahargheffi {flame,
                  | Will++ Int-4}
 45996 | Vaults:5 | Found Puyveqiq's General Store.
 46012 | Vaults:5 | Bought a potion of heal wounds for 110 gold pieces
 46012 | Vaults:5 | Bought a scroll of teleportation for 66 gold pieces
 46944 | Zot:1    | Entered Level 1 of the Realm of Zot
 47572 | Zot:1    | Lost mutation: You have a moderately thin skeletal
                  | structure. (Dex +4, Stealth++) [Jiyva's grace]
 47572 | Zot:1    | Lost mutation: Your flesh is very cold resistant. (rC++)
                  | [Jiyva's grace]
 47572 | Zot:1    | Lost mutation: You expend magic power (3 MP) to strengthen
                  | your wands. [Jiyva's grace]
 47572 | Zot:1    | Lost mutation: Your movements are significantly less
                  | encumbered by armour. (ER -6) [Jiyva's grace]
 47572 | Zot:1    | Gained mutation: You have acidic saliva. [Jiyva's grace]
 47572 | Zot:1    | Gained mutation: You are completely covered in iridescent
                  | scales. (AC +6) [Jiyva's grace]
 47572 | Zot:1    | Gained mutation: Your flesh is heat resistant. (rF+)
                  | [Jiyva's grace]
 47572 | Zot:1    | Gained mutation: Your flesh is very heat resistant. (rF++)
                  | [Jiyva's grace]
 47721 | Zot:1    | Noticed an orb of fire
 47721 | Zot:1    | Lost mutation: Your spells are much harder to cast, but
                  | much more powerful. [an orb of fire]
 47734 | Zot:1    | Gained mutation: You occasionally shout uncontrollably at
                  | your foes. [an orb of fire]
 47737 | Zot:1    | Gained mutation: You are clumsy. (Dex -2) [an orb of fire]
 47741 | Zot:1    | Killed an orb of fire
 47754 | Zot:1    | Gained mutation: You have a sharp stinger which inflicts
                  | weakening toxins. [demonic ancestry]
 47754 | Zot:1    | Reached XP level 25. HP: 190/216 MP: 33/33
 48055 | Zot:2    | Found a transporter.
 48055 | Zot:2    | Found the +0 mask of the Dragon {Will+ Slay+3 SInv}
 48055 | Zot:2    | Found the brooch of Shielding {Spirit SH+8}
 48125 | Zot:2    | Noticed an orb of fire
 48126 | Zot:2    | Gained mutation: You are very clumsy. (Dex -4) [an orb of
                  | fire]
 48151 | Zot:2    | Gained mutation: You are frail. (-10% HP) [an orb of fire]
 48155 | Zot:2    | Gained mutation: Your body sometimes deteriorates upon
                  | taking damage. [an orb of fire]
 48158 | Zot:2    | Killed an orb of fire
 48321 | Zot:2    | Found a transporter.
 48923 | Zot:2    | Lost mutation: Your flesh is cold resistant. (rC+) [potion
                  | of mutation]
 48923 | Zot:2    | Lost mutation: Your spells are harder to cast, but more
                  | powerful. [potion of mutation]
 48923 | Zot:2    | Lost mutation: You have acidic saliva. [potion of mutation]
 48923 | Zot:2    | Gained mutation: You expend magic power (3 MP) to
                  | strengthen your wands. [potion of mutation]
 48924 | Zot:2    | Lost mutation: Armour fits poorly on your pseudopods.
                  | [potion of mutation]
 48924 | Zot:2    | Lost mutation: You expend magic power (3 MP) to strengthen
                  | your wands. [potion of mutation]
 48924 | Zot:2    | Gained mutation: Your muscles are very strong. (Str +4)
                  | [potion of mutation]
 49246 | Zot:3    | Lost mutation: You are completely covered in iridescent
                  | scales. (AC +6) [Jiyva's grace]
 49246 | Zot:3    | Lost mutation: You are mostly covered in iridescent scales.
                  | (AC +4) [Jiyva's grace]
 49246 | Zot:3    | Lost mutation: You have a somewhat thin skeletal structure.
                  | (Dex +2, Stealth+) [Jiyva's grace]
 49246 | Zot:3    | Lost mutation: You are very clumsy. (Dex -4) [Jiyva's
                  | grace]
 49246 | Zot:3    | Lost mutation: You are clumsy. (Dex -2) [Jiyva's grace]
 49246 | Zot:3    | Lost mutation: You are frail. (-10% HP) [Jiyva's grace]
 49246 | Zot:3    | Lost mutation: You occasionally shout uncontrollably at
                  | your foes. [Jiyva's grace]
 49246 | Zot:3    | Lost mutation: Your movements are less encumbered by
                  | armour. (ER -4) [Jiyva's grace]
 49246 | Zot:3    | Gained mutation: Your translucent skin reduces your foes'
                  | accuracy. (Stealth+) [Jiyva's grace]
 49246 | Zot:3    | Gained mutation: Your transparent skin significantly
                  | reduces your foes' accuracy. (Stealth+) [Jiyva's grace]
 49246 | Zot:3    | Gained mutation: You have hidden genetic potential.
                  | [Jiyva's grace]
 49246 | Zot:3    | Gained mutation: You have great hidden genetic potential.
                  | [Jiyva's grace]
 49678 | Zot:4    | Reached skill level 10 in Stealth
 50634 | Pan      | Entered Pandemonium
 50643 | Pan      | Noticed Wyseqati the pandemonium lord
 50653 | Pan      | Killed Wyseqati the pandemonium lord
 50732 | Pan      | Got a demonic rune of Zot
 50845 | Pan      | Identified the +4 dagger "Ejocix" {vamp, *Rage rC++ MP+9
                  | Int+2}
 51250 | Pan      | Lost mutation: Your muscles are very strong. (Str +4)
                  | [Jiyva's grace]
 51250 | Pan      | Lost mutation: Your spells are a little harder to cast, but
                  | a little more powerful. [Jiyva's grace]
 51250 | Pan      | Lost mutation: Your transparent skin significantly reduces
                  | your foes' accuracy. (Stealth+) [Jiyva's grace]
 51250 | Pan      | Lost mutation: Your translucent skin reduces your foes'
                  | accuracy. (Stealth+) [Jiyva's grace]
 51250 | Pan      | Lost mutation: Your translucent skin slightly reduces your
                  | foes' accuracy. (Stealth+) [Jiyva's grace]
 51250 | Pan      | Lost mutation: You have great hidden genetic potential.
                  | [Jiyva's grace]
 51250 | Pan      | Lost mutation: Your movements are slightly less encumbered
                  | by armour. (ER -2) [Jiyva's grace]
 51250 | Pan      | Gained mutation: You have very sharp teeth. [Jiyva's grace]
 51250 | Pan      | Gained mutation: You have extremely sharp teeth. [Jiyva's
                  | grace]
 51250 | Pan      | Gained mutation: You have razor-sharp teeth. [Jiyva's
                  | grace]
 51250 | Pan      | Gained mutation: Your mind is acute. (Int +2) [Jiyva's
                  | grace]
 51406 | Pan      | Lost mutation: Your mind is acute. (Int +2) [a neqoxec]
 51438 | Pan      | Found a transporter.
 51743 | Pan      | Found a transporter.
 51995 | Pan      | Gained mutation: You are frail. (-10% HP) [mutagenic glow]
 52015 | Pan      | Gained mutation: You are dopey. (Int -2) [mutagenic glow]
 52135 | Pan      | Identified the +7 dagger of Joyful Slaughter {freeze, rC+
                  | Dex+3}
 52140 | Pan      | Identified the ring "Naolocukyr" {rPois rC+ rN+}
 52151 | Pan      | Identified the ring "Dotyschie" {Wiz Str+4 Int+3}
 52291 | Pan      | Noticed Edeac the pandemonium lord
 52403 | Pan      | Identified the +8 war axe of Hilaes {antimagic, Will+
                  | Int+5}
 52513 | Pan      | Killed Edeac the pandemonium lord
 53089 | Pan      | Gained mutation: Your magical and physical power is
                  | enhanced at high health. [demonic ancestry]
 53089 | Pan      | Reached XP level 26. HP: 176/201 MP: 33/35
 53114 | Pan      | Lost mutation: You have razor-sharp teeth. [Jiyva's grace]
 53114 | Pan      | Lost mutation: You have extremely sharp teeth. [Jiyva's
                  | grace]
 53114 | Pan      | Lost mutation: Your body sometimes deteriorates upon taking
                  | damage. [Jiyva's grace]
 53114 | Pan      | Lost mutation: Your flesh is very heat resistant. (rF++)
                  | [Jiyva's grace]
 53114 | Pan      | Lost mutation: You are frail. (-10% HP) [Jiyva's grace]
 53114 | Pan      | Gained mutation: Your system is resistant to poisons.
                  | (rPois) [Jiyva's grace]
 53114 | Pan      | Gained mutation: You have acidic saliva. [Jiyva's grace]
 53114 | Pan      | Gained mutation: Armour fits poorly on your pseudopods.
                  | [Jiyva's grace]
 53114 | Pan      | Gained mutation: Armour fits poorly on your large
                  | pseudopods. [Jiyva's grace]
 53129 | Pan      | Found an exit through the horrors of the Abyss.
 53679 | Pan      | Noticed Huesh the pandemonium lord
 53687 | Pan      | Killed Huesh the pandemonium lord
 53928 | Pan      | Entered the realm of Gloorx Vloq.
 54352 | Pan      | Lost mutation: You are partially covered in iridescent
                  | scales. (AC +2) [Jiyva's grace]
 54352 | Pan      | Lost mutation: You are dopey. (Int -2) [Jiyva's grace]
 54352 | Pan      | Gained mutation: Your muscles are very strong. (Str +4)
                  | [Jiyva's grace]
 54352 | Pan      | Gained mutation: Your skin changes colour to match your
                  | surroundings (Stealth+). [Jiyva's grace]
 54352 | Pan      | Gained mutation: Your skin blends seamlessly with your
                  | surroundings (Stealth++). [Jiyva's grace]
 54352 | Pan      | Gained mutation: Your skin perfectly mimics your
                  | surroundings (Stealth+++). [Jiyva's grace]
 54498 | Pan      | Gained mutation: Your mind is acute. (Int +2) [hidden
                  | potential]
 54524 | Pan      | Noticed Gloorx Vloq
 54539 | Pan      | Identified the +1 hand axe "Haqyenti" {pain, *Rage Will++
                  | SInv Stlth+}
 55784 | Pan      | Killed Gloorx Vloq
 55833 | Pan      | Got a dark rune of Zot
 56092 | Pan      | Noticed Lazxi the pandemonium lord
 56103 | Pan      | Killed Lazxi the pandemonium lord
 56752 | Pan      | Noticed a seraph
 56787 | Pan      | Killed a seraph
 57390 | Pan      | Lost mutation: You have very sharp teeth. [Jiyva's grace]
 57390 | Pan      | Lost mutation: Your system is resistant to poisons. (rPois)
                  | [Jiyva's grace]
 57390 | Pan      | Lost mutation: Your melee attacks may engulf your foes in
                  | ooze. [Jiyva's grace]
 57390 | Pan      | Gained mutation: You have a small jelly attached to you
                  | that may absorb projectiles. [Jiyva's grace]
 57390 | Pan      | Gained mutation: Armour fits poorly on your massive
                  | pseudopods. [Jiyva's grace]
 57390 | Pan      | Gained mutation: You passively map a small area around you.
                  | [Jiyva's grace]
 57390 | Pan      | Gained mutation: You passively map the area around you.
                  | [Jiyva's grace]
 57455 | Pan      | Gained mutation: Your magical and physical power is greatly
                  | enhanced at high health. [demonic ancestry]
 57455 | Pan      | Reached XP level 27. HP: 159/235 MP: 31/35
 58951 | Pan      | Gained mutation: Your movements are slightly less
                  | encumbered by armour. (ER -2) [hidden potential]
 58951 | Pan      | Lost mutation: You have hidden genetic potential. [hidden
                  | potential expressed]
 59049 | Pan      | Found an exit through the horrors of the Abyss.
 59073 | Pan      | Noticed Yhif the pandemonium lord
 59096 | Pan      | HP: 1/235 [Hell Sentinel/damnation (41)]
 59176 | Pan      | Killed Yhif the pandemonium lord
 59897 | Pan      | Noticed Ojat the pandemonium lord
 59911 | Pan      | Killed Ojat the pandemonium lord
 59935 | Pan      | Reached skill level 5 in Conjurations
 60077 | Pan      | Reached skill level 5 in Fire Magic
 60138 | Pan      | Lost mutation: You have a small jelly attached to you that
                  | may absorb projectiles. [Jiyva's grace]
 60138 | Pan      | Lost mutation: Your skin perfectly mimics your surroundings
                  | (Stealth+++). [Jiyva's grace]
 60138 | Pan      | Lost mutation: Your skin blends seamlessly with your
                  | surroundings (Stealth++). [Jiyva's grace]
 60138 | Pan      | Lost mutation: Your skin changes colour to match your
                  | surroundings (Stealth+). [Jiyva's grace]
 60138 | Pan      | Gained mutation: Your translucent skin slightly reduces
                  | your foes' accuracy. (Stealth+) [Jiyva's grace]
 60138 | Pan      | Gained mutation: Your translucent skin reduces your foes'
                  | accuracy. (Stealth+) [Jiyva's grace]
 60138 | Pan      | Gained mutation: Your transparent skin significantly
                  | reduces your foes' accuracy. (Stealth+) [Jiyva's grace]
 60138 | Pan      | Gained mutation: You have a small jelly attached to you
                  | that senses nearby items. [Jiyva's grace]
 60485 | Pan      | Noticed Xecwee Sudd the pandemonium lord
 60974 | Pan      | Killed Xecwee Sudd the pandemonium lord
 61031 | Pan      | Gained mutation: You have hidden genetic defects. [a
                  | cacodemon]
 61340 | Pan      | Noticed Xuones the pandemonium lord
 61348 | Pan      | Killed Xuones the pandemonium lord
 61556 | Pan      | Found a runed translucent door.
 61557 | Pan      | Found a runed translucent door.
 61563 | Pan      | Found a runed translucent door.
 61563 | Pan      | Found a runed translucent door.
 61600 | Pan      | Lost mutation: Armour fits poorly on your massive
                  | pseudopods. [Jiyva's grace]
 61600 | Pan      | Lost mutation: Your transparent skin significantly reduces
                  | your foes' accuracy. (Stealth+) [Jiyva's grace]
 61600 | Pan      | Lost mutation: You have hidden genetic defects. [Jiyva's
                  | grace]
 61600 | Pan      | Gained mutation: Your natural rate of healing is unusually
                  | fast. [Jiyva's grace]
 61600 | Pan      | Gained mutation: You heal very quickly. [Jiyva's grace]
 61600 | Pan      | Gained mutation: You regenerate. [Jiyva's grace]
 61600 | Pan      | Gained mutation: Your melee attacks may engulf your foes in
                  | ooze. [Jiyva's grace]
 61829 | Pan      | Found an exit through the horrors of the Abyss.
 62203 | Pan      | Noticed Ucleppysk the pandemonium lord
 62211 | Pan      | Killed Ucleppysk the pandemonium lord
 62636 | Pan      | Found a runed translucent door.
 62733 | Pan      | Reached skill level 10 in Conjurations
 62742 | Pan      | Lost mutation: Your flesh is heat resistant. (rF+) [Jiyva's
                  | grace]
 62742 | Pan      | Lost mutation: You regenerate. [Jiyva's grace]
 62742 | Pan      | Lost mutation: You have acidic saliva. [Jiyva's grace]
 62742 | Pan      | Lost mutation: Armour fits poorly on your large pseudopods.
                  | [Jiyva's grace]
 62742 | Pan      | Lost mutation: Armour fits poorly on your pseudopods.
                  | [Jiyva's grace]
 62742 | Pan      | Lost mutation: Your translucent skin reduces your foes'
                  | accuracy. (Stealth+) [Jiyva's grace]
 62742 | Pan      | Lost mutation: Your melee attacks may engulf your foes in
                  | ooze. [Jiyva's grace]
 62742 | Pan      | Gained mutation: Your melee attacks may engulf your foes in
                  | ooze. [Jiyva's grace]
 62742 | Pan      | Gained mutation: You are covered in slimy tendrils that may
                  | disarm your opponents. [Jiyva's grace]
 62742 | Pan      | Gained mutation: You possess an exceptional clarity of
                  | mind. [Jiyva's grace]
 62742 | Pan      | Gained mutation: Your mind is very acute. (Int +4) [Jiyva's
                  | grace]
 62808 | Pan      | Found a runed translucent door.
 62826 | Pan      | Found a runed translucent door.
 62838 | Pan      | Found a runed translucent door.
 63049 | Pan      | Identified the ring of the Skies Above {rPois rN+ Will+
                  | Str+4}
 63063 | Pan      | Noticed Dolav the pandemonium lord
 63070 | Pan      | Killed Dolav the pandemonium lord
 63077 | Pan      | Gained mutation: Armour fits poorly on your strangely
                  | shaped body. [a neqoxec]
 63111 | Pan      | Entered the realm of Mnoleg.
 63111 | Pan      | Noticed Mnoleg
 63113 | Pan      | Gained mutation: Your spells are a little easier to cast,
                  | but a little less powerful. [a neqoxec]
 63121 | Pan      | Lost mutation: Your muscles are very strong. (Str +4) [a
                  | neqoxec]
 63131 | Pan      | Killed Mnoleg
 63137 | Pan      | Got a glowing rune of Zot
 63163 | Pan      | Gained mutation: Your body sometimes deteriorates upon
                  | taking damage. [a neqoxec]
 63183 | Pan      | Reached skill level 10 in Fire Magic
 63552 | Pan      | Gained mutation: Your magical capacity is low. (-10% MP) [a
                  | neqoxec]
 64060 | Pan      | Noticed Mennas
 64068 | Pan      | Killed Mennas
 64121 | Pan      | Lost mutation: Your mind is very acute. (Int +4) [Jiyva's
                  | grace]
 64121 | Pan      | Lost mutation: You passively map the area around you.
                  | [Jiyva's grace]
 64121 | Pan      | Lost mutation: You passively map a small area around you.
                  | [Jiyva's grace]
 64121 | Pan      | Lost mutation: You heal very quickly. [Jiyva's grace]
 64121 | Pan      | Lost mutation: Your movements are slightly less encumbered
                  | by armour. (ER -2) [Jiyva's grace]
 64121 | Pan      | Gained mutation: You are agile. (Dex +2) [Jiyva's grace]
 64121 | Pan      | Gained mutation: You are very agile. (Dex +4) [Jiyva's
                  | grace]
 64121 | Pan      | Gained mutation: Your translucent skin reduces your foes'
                  | accuracy. (Stealth+) [Jiyva's grace]
 64121 | Pan      | Gained mutation: Your transparent skin significantly
                  | reduces your foes' accuracy. (Stealth+) [Jiyva's grace]
 64201 | Pan      | Found an exit through the horrors of the Abyss.
 64359 | Pan      | Noticed Qenes the pandemonium lord
 64364 | Pan      | Killed Qenes the pandemonium lord
 64983 | Pan      | Noticed Roug the pandemonium lord
 65231 | Pan      | Lost mutation: You are very agile. (Dex +4) [Jiyva's grace]
 65231 | Pan      | Lost mutation: Armour fits poorly on your strangely shaped
                  | body. [Jiyva's grace]
 65231 | Pan      | Lost mutation: Your body sometimes deteriorates upon taking
                  | damage. [Jiyva's grace]
 65231 | Pan      | Lost mutation: Your transparent skin significantly reduces
                  | your foes' accuracy. (Stealth+) [Jiyva's grace]
 65231 | Pan      | Gained mutation: You have acidic saliva. [Jiyva's grace]
 65231 | Pan      | Gained mutation: You have a small jelly attached to you
                  | that may absorb projectiles. [Jiyva's grace]
 65231 | Pan      | Gained mutation: You are very agile. (Dex +4) [Jiyva's
                  | grace]
 65231 | Pan      | Gained mutation: Your flesh is heat resistant. (rF+)
                  | [Jiyva's grace]
 65249 | Pan      | Identified the +5 robe of Ashenzari, Fortifying {-Tele Harm
                  | Will++ Stlth+}
 65497 | Pan      | Killed Roug the pandemonium lord
 65630 | Pan      | Identified the +1 scale mail of Wyleq {Fly rF+ Will+}
 65676 | Pan      | Found an exit through the horrors of the Abyss.
 65764 | Pan      | Lost mutation: Your mind is acute. (Int +2) [a cacodemon]
 65768 | Pan      | Gained mutation: Your spells are easier to cast, but less
                  | powerful. [a cacodemon]
 65772 | Pan      | Noticed Zohamic the pandemonium lord
 65800 | Pan      | HP: 5/218 [Tzitzimitl/bolt of negative energy (36)]
 66114 | Pan      | Killed Zohamic the pandemonium lord
 66485 | Pan      | Found a runed translucent door.
 66985 | Pan      | Found an exit through the horrors of the Abyss.
 67087 | Pan      | Noticed Beepapp the pandemonium lord
 67430 | Pan      | Killed Beepapp the pandemonium lord
 67674 | Pan      | Noticed Kubbiate the pandemonium lord
 67712 | Pan      | Killed Kubbiate the pandemonium lord
 67780 | Pan      | Lost mutation: You are very agile. (Dex +4) [Jiyva's grace]
 67780 | Pan      | Lost mutation: You possess an exceptional clarity of mind.
                  | [Jiyva's grace]
 67780 | Pan      | Lost mutation: Your flesh is heat resistant. (rF+) [Jiyva's
                  | grace]
 67780 | Pan      | Lost mutation: Your magical capacity is low. (-10% MP)
                  | [Jiyva's grace]
 67780 | Pan      | Lost mutation: You are covered in slimy tendrils that may
                  | disarm your opponents. [Jiyva's grace]
 67780 | Pan      | Gained mutation: You have sharp fingernails. [Jiyva's
                  | grace]
 67780 | Pan      | Gained mutation: You have very sharp fingernails. [Jiyva's
                  | grace]
 67780 | Pan      | Gained mutation: You have claws for hands. [Jiyva's grace]
 67780 | Pan      | Gained mutation: Your body has grown eyes which may confuse
                  | attackers. (Acc +3) [Jiyva's grace]
 67964 | Pan      | Identified the +1 quarterstaff of Noash {vorpal, rPois rF++
                  | Str+4 Dex-3}
 68413 | Pan      | Entered the realm of Cerebov.
 68761 | Pan      | Identified the ring "Jake" {rF- rC+ Will+ rCorr Dex+4}
 68763 | Pan      | Found the +6 sword of Cerebov {flame}
 68763 | Pan      | Noticed Cerebov
 68855 | Pan      | Killed from afar by a hellion

Illustrated notes

Levels and vault maps discovered:
D:1:      dpeg_arrival_stonehenge_8_columns, layout_rooms,
          shapermc_ecumenical_altar_totnotflames, chequers_serial_rivers_small_b
D:2:      layout_rooms
D:3:      wad_crossroads, layout_basic, gup_sewer_entry_spiral, st_stairs_10
D:4:      layout_rooms, minmay_temple_entry_sparse_star, enter_ossuary_2,
          uniq_menkaure
D:5:      layout_rooms, gammafunk_ghost_split, kennysheep_decorative_pillar,
          hangedman_decor_lopped, uniq_duvessa
D:6:      layout_basic
D:7:      layout_basic, enter_bailey_5
D:8:      minmay_the_grid_octo_2x2 [minmay_the_grid_octo_empty,
          minmay_the_grid_octo_vomiting_pacman, minmay_the_grid_octo_pinwheel,
          minmay_the_grid_octo_prize_star], layout_loops_ring,
          minmay_fractal_squares_gapless_5, uniq_psyche, uniq_erica
D:9:      layout_small_grid, orc_0_dummy, grunt_ministairs_14,
          statue_in_the_mist_lemuel, uniq_grum, uniq_harold, uniq_amaemon
D:10:     layout_loops_corners, grunt_temple_overflow_cloverleaf,
          lair_entry_dummy, bh_walls_and_bars
D:11:     layout_basic
D:12:     layout_small_grid, amcnicky_mini_pool_small, grunt_decor_arrowhead,
          uniq_nergalle
D:13:     layout_loops_ring, portal_ice_cave_entry_animals_and_master,
          hangedman_decor_points, minmay_misc_feat_diagonals, minmay_st_funbox,
          minmay_variable_closet
D:14:     layout_irregular_city, david_vaults_4, nrook_mini_backslash,
          uniq_jorgrun, uniq_lodul, uniq_agnes
D:15:     hangedman_slaughterboxes
Lair:1:   layout_gridlike, lemuel_fruit_fields, serial_bayou_shore_b
Lair:2:   layout_chaotic_city, minmay_snake_entry_guardpost_small,
          grunt_megastairs_4, uniq_prince_ribbit2
Lair:3:   layout_loops_ring, shoals_dummy_entry, serial_rivers,
          chequers_serial_rivers_micro_a, chequers_serial_rivers_room_b,
          chequers_serial_rivers_small_a, chequers_serial_rivers_small_a,
          grunt_megastairs_2
Lair:4:   layout_hall_layers, serial_bayou_shore_b, grunt_megastairs_1,
          uniq_snorg
Lair:5:   layout_cave_pods, slime_dummy, gauntlet_entry_generic
Lair:6:   grunt_lair_end_beastmaster, layout_cave_pods
Shoals:1: cheibrodos_shoals_roost, layout_shoals, serial_shops, shop,
          lemuel_centaur_altar
Shoals:2: layout_shoals, uniq_kirke, uniq_ilsuiw, uniq_polyphemus
Shoals:3: layout_shoals
Shoals:4: shoals_end_hellmonk_storm_palace [storm_palace_center_square,
          storm_palace_corner_grid, storm_palace_corner_blocked,
          storm_palace_corner_altar, storm_palace_corner_narrow], serial_shops,
          uniq_nikola
Snake:1:  layout_gridlike
Snake:2:  layout_misc_corridors, serial_shops, nicolae_lakefront_shop,
          nicolae_stop_n_shop_1, shop, shop, special_room,
          nicolae_snake_salamander_jacuzzi
Snake:3:  layout_concentric_octagons, basic_altar, beargit_elvish_explorers,
          serial_bayou_shore_b
Snake:4:  grunt_snake_rune_spirals, layout_onion_interference,
          ebering_ghost_reflecting_pool, nicolae_shop_sticking_my_neck_out
Slime:1:  layout_caves, special_room [special_room_jelly]
Slime:2:  layout_caves
Slime:3:  layout_caves, cheibrodos_slime_lost_civilization_5
Slime:4:  layout_caves, dissolution_awaits
Slime:5
Orc:1:    layout_diamond_mine
Orc:2:    st_orc_pillars, layout_diamond_mine, basic_altar, serial_shops,
          bzr_entry_safe, rock_pile
Elf:1:    eino_elf_arrival_customs, layout_loops_ring, serial_shops,
          nicolae_square_shop, minivault_28, uniq_azrael, uniq_zenata
Elf:2:    nicolae_elf_blades_crystal_corner, layout_rooms,
          gammafunk_ghost_grave, serial_shops, nicolae_shop_statue_plus
Elf:3:    elf_hall, layout_loops_cross, serial_shops, nicolae_shop_statue_plus,
          grunt_ministairs_1, uniq_roxanne
Vaults:1: nicolae_vaults_little_squares_3, hangedman_vaults_cutoff,
          vaults_room_guarded_vault, nicolae_vaults_little_squares_4,
          nicolae_vaults_little_squares_3, v_misc_13, ontoclasm_vaults_idyll,
          hangedman_vaults_maws, nicolae_vaults_little_squares_4,
          layout_vaults_ring, uniq_saint_roka
Vaults:2: grunt_vaults_swirl, ontoclasm_vaults_ring_small,
          ontoclasm_vaults_decontamination, nicolae_vaults_yaktaur_gun_rack,
          hangedman_vaults_locks, nicolae_vaults_diagonal_hallway_8,
          vaults_standard_mumra_lines, v_pattern_4, vaults_room_door_hall,
          ontoclasm_vaults_ring_small, vaults_room_grid, layout_vaults_maze
Vaults:3: nicolae_vaults_little_squares_6, ontoclasm_vaults_idyll,
          v_alt_pattern_1, dpeg_vaults_monster_row, hangedman_vaults_capsules,
          v_pattern_3, ontoclasm_vaults_ligature, grunt_vaults_funnel,
          layout_vaults_quadrants, enter_trove_2
Vaults:4: nicolae_vaults_big_angled_halls, nicolae_vaults_big_ls,
          nicolae_vaults_murderbox, nicolae_vaults_big_angled_halls,
          nicolae_vaults_network_quinsquares
          [nicolae_vaults_network_quincunx_subvault,
          nicolae_vaults_network_quincunx_subvault,
          nicolae_vaults_network_quincunx_subvault,
          nicolae_vaults_network_quincunx_subvault], ontoclasm_vaults_bender,
          hangedman_vaults_pinch, vaults_mumra_hex, grunt_vaults_diagonal,
          nicolae_vaults_little_ls, hangedman_vaults_trim, vaults_dpeg_hooks,
          vaults_standard_mumra_x, vaults_room_hallway, vaults_dpeg_diagonal,
          grunt_vaults_hallway_short, nicolae_vaults_rhombus_7,
          layout_vaults_omnicross, serial_shops, shop_statue,
          nicolae_shop_statue_plus, nicolae_lakefront_shop
Vaults:5
Crypt:1:  layout_chaotic_city, grunt_crypt_arrival_webbed, uniq_margery,
          uniq_sojobo
Crypt:2:  layout_misc_corridors, serial_co_window_serial, co_window_corner_a,
          co_window_corner_a, co_window_paths_a, co_window_corner_a,
          co_window_corner_a, co_window_corner_ca, co_window_broadway_b,
          co_window_of_opportunity_b, co_window_unsneaky_path_c,
          co_window_broadway_c, co_window_2corner, co_window_of_opportunity_c,
          co_window_paths_d, skrybe_necro_troll_2
Crypt:3:  quadcrypt_mu
Tomb:1
Depths:1: layout_small_grid, enter_ziggurat_a, abyss_entry_flame_altar,
          hellmouth_3, serial_shops, nicolae_shop_hallway_stairs,
          nicolae_dithmenos_shadow_blocks
Depths:2: ragdoll_tomb_raider, layout_cave_pools, lightli_too_deep,
          serial_shops, bzr_entry_water, grunt_pan_entry_spiral,
          serial_sigils_hangedman_scar,
          nicolae_gozag_cash_rules_everything_around_me,
          infiniplex_staircase_squiggle, grunt_megastairs_5
Depths:3: kennysheep_blocky_hall, layout_small_grid, grunt_hell_entry_dis_mu,
          gammafunk_ghost_split, nicolae_elyvilon_peaceful_grove,
          nicolae_abyss_entry_one_way_or_another, grunt_potential
Depths:4: grunt_zot_entry_alcove, layout_gridville, hell_entry, abyss_entry,
          hangedman_abyss_or_decor_passed, minmay_misc_feat_columns,
          water_maze_lemuel, serial_bayou_shore_a, minmay_shoptagon,
          serial_bayou_shore_b, serial_bayou_shore_b
Zot:1:    layout_cathedral_of_symmetry, st_small_dragon_hoard_3, st_stairs_12
Zot:2:    layout_onion, chequers_guarded_unrand_mask_of_the_dragon
Zot:3:    layout_onion_interference
Zot:4:    layout_basic, lemuel_flame_loot_1
Pan:      evilmike_mini_pan_possible_glass, layout_grid_shapes,
          gammafunk_its_a_trap, layout_small_grid, evilmike_mini_pan_pillars_b,
          layout_cellular_growth, pan_blood_fountain,
          evilmike_mini_pan_other_thingy, layout_grid_shapes,
          nicolae_pan_sigil_uleosi, evilmike_gloorx_vloq_box, layout_stronghold,
          evilmike_mini_pan_doors_b, layout_gridlike, nicolae_pan_lom_lobonic_3,
          evilmike_holy_pan, evilmike_mini_pan_thingy, layout_gridville,
          evilmike_mini_pan_doors_b, layout_rooms, pan_blood_fountain,
          rand_demon_8, layout_gridlike, nicolae_pan_cerebovesque_1,
          evilmike_mini_pan_corner, layout_grid_shapes,
          pan_blood_fountain_small, rand_demon_7, layout_long_grid,
          reaverb_pan_chaos_star, rand_demon_7, layout_irregular_city,
          mnoleg_st, layout_irregular_city, rand_demon_6, layout_irregular_city,
          uniq_mennas_pan, grunt_pan_zigzag, layout_pan_divisions_a
          [pan_division_quadrant_a4, pan_division_quadrant_a4,
          pan_division_quadrant_a6, pan_division_quadrant_a6,
          pan_division_octagon_rings], regret_index_pan_draining_boxed,
          layout_gridlike, nicolae_pan_mnolegish_3, evilmike_mini_pan_branches,
          layout_cellular_growth, nicolae_pan_lom_lobonic_4,
          evilmike_mini_pan_diamond, layout_irregular_city,
          pan_blood_fountain_small, nicolae_pan_cerebovesque_1,
          evilmike_cerebov_lava, layout_irregular_city

Skill      XL: |  1  2  3  4  5  6  7  8  9 10 11 12 13 14 15 16 17 18 19 20 21 22 23 24 25 26 27 |
---------------+----------------------------------------------------------------------------------+-----
Fighting       | 3 4 5 6 7 12 15 17 19 21 22 23 | 23.1
Dodging        | 1 2 3 4 5 7 9 11 13 14 15 16 18 20 22 | 22.0
Axes           | 2 5 9 11 12 13 14 15 16 17 20 | 20.0
Evocations     | 2 3 4 5 7 10 11 13 14 15 17 19 20 21 22 | 22.0
Fire Magic     | 1 14 | 14.4
Unarmed Combat | 2 |  2.0
Stealth        | 4 6 8 10 | 10.0
Long Blades    | 4 |  4.0
Armour         | 3 6 8 11 13 14 17 20 22 23 | 23.0
Throwing       | 3 |  3.7
Spellcasting   | 5 7 8 |  8.0
Conjurations   | 14 | 14.1
Slings         | |  1.7

Action                   |  1- 3 |  4- 6 |  7- 9 | 10-12 | 13-15 | 16-18 | 19-21 | 22-24 | 25-27 || total
-------------------------+-------+-------+-------+-------+-------+-------+-------+-------+-------++-------
Melee: Hand axe          |    46 |    75 |   156 |       |       |       |       |       |       ||   277
       Tailslap          |     5 |    11 |    25 |    49 |   136 |   130 |   191 |   245 |   451 ||  1243
       Headbutt          |       |     2 |       |       |       |       |       |       |       ||     2
       Punch             |       |     2 |     5 |       |       |       |       |       |       ||     7
       Kick              |       |       |    44 |    94 |   272 |   298 |   401 |   517 |  1011 ||  2637
       Great sword       |       |       |    20 |    55 |    14 |       |       |       |       ||    89
       Battleaxe         |       |       |       |   233 |   646 |   718 |   896 |   978 |  1944 ||  5415
       Bite              |       |       |       |    20 |    33 |    92 |       |     1 |   257 ||   403
       Unarmed           |       |       |       |       |       |    38 |       |       |       ||    38
       Pseudopods        |       |       |       |       |       |       |   110 |   316 |   288 ||   714
 Fire: Hunting sling     |    36 |       |       |       |       |       |       |       |       ||    36
       Shortbow          |       |       |     4 |       |       |       |       |       |       ||     4
       Heavy crossbow    |       |       |       |       |       |       |       |    12 |       ||    12
Throw: Dart              |       |       |     6 |     3 |       |     1 |       |       |       ||    10
       Javelin           |       |       |       |       |       |     4 |       |       |       ||     4
       Throwing net      |       |       |       |       |       |     3 |       |       |       ||     3
 Cast: Foxfire           |     9 |    22 |     8 |       |       |       |       |       |       ||    39
Invok: Oozemancy         |       |       |     4 |     2 |     4 |     8 |     5 |     6 |    16 ||    45
       Slimify           |       |       |       |       |     4 |     4 |     1 |       |     4 ||    13
 Abil: Evoke Blink       |       |       |       |       |       |       |       |       |    15 ||    15
Evoke: Wand              |       |       |    21 |     6 |       |    28 |     1 |     7 |    22 ||    85
       Phial of floods   |       |       |       |       |     1 |     3 |     4 |     7 |    12 ||    27
       Box of beasts     |       |       |       |       |       |     6 |     4 |    10 |    20 ||    40
       Condenser vane    |       |       |       |       |       |     4 |     3 |    10 |    13 ||    30
       Lightning rod     |       |       |       |       |       |       |       |    13 |    18 ||    31
       Phantom mirror    |       |       |       |       |       |       |       |       |    15 ||    15
       Tin of tremorston |       |       |       |       |       |       |       |       |    13 ||    13
  Use: Scroll            |     5 |     4 |     3 |     9 |     5 |    16 |     4 |     4 |    25 ||    75
       Potion            |       |       |     1 |     2 |     1 |     4 |       |     1 |    21 ||    30
 Stab: Sleeping          |     2 |     1 |     2 |       |       |       |       |     1 |       ||     6
       Confused          |       |       |       |    11 |    54 |    16 |     5 |     1 |     2 ||    89
       Petrified         |       |       |       |       |       |     6 |       |       |       ||     6
       Petrifying        |       |       |       |       |       |     1 |       |       |       ||     1
       Distracted        |       |       |       |       |       |     1 |     2 |     1 |     5 ||     9
       Paralysed         |       |       |       |       |       |       |       |       |     1 ||     1
Armor: Robe              |     8 |    24 |    20 |       |       |       |       |       |       ||    52
       Gold dragon scale |       |       |    23 |   342 |   428 |   478 |   439 |   435 |  1043 ||  3188
       Scale mail        |       |       |     6 |       |       |       |       |       |       ||     6
Dodge: Dodged            |    42 |    63 |   108 |   149 |   494 |   575 |   670 |   780 |  1685 ||  4566
       Repelled          |       |       |       |       |       |       |       |    22 |       ||    22
Block: Other             |       |       |    40 |    17 |   178 |   146 |    21 |       |       ||   402
       Reflection        |       |       |     4 |     6 |       |       |       |       |       ||    10

Table legend: (Time is in decaauts)
 A = Elapsed time spent in this place.
 B = Non-inter-level travel time spent in this place.
 C = Inter-level travel time spent in this place.
 D = Time resting spent in this place.
 E = Time spent auto-exploring this place.
 F = Levels seen in this place.
 G = Mean time per level.
                   A        B        C        D        E       F      G
               +--------+--------+--------+--------+--------+-----+--------+
         Total |  68754 |  61817 |   6937 |   1933 |  42113 |  83 |  828.4 |
       Dungeon |  12603 |  10242 |   2361 |    280 |   7534 |  15 |  840.2 |
          Lair |   5292 |   4376 |    916 |      8 |   3564 |   6 |  882.0 |
        Shoals |   3579 |   3410 |    169 |      0 |   2387 |   4 |  894.8 |
     Snake Pit |   3138 |   2980 |    158 |      0 |   2186 |   4 |  784.5 |
    Slime Pits |    573 |    474 |     99 |      0 |    405 |   5 |  114.6 |
  Orcish Mines |    810 |    666 |    144 |      0 |    268 |   2 |  405.0 |
   Elven Halls |   2949 |   2728 |    221 |     25 |   1843 |   3 |  983.0 |
        Vaults |   7383 |   5917 |   1466 |    287 |   4331 |   5 | 1476.6 |
         Crypt |   3998 |   3496 |    502 |    162 |   2543 |   3 | 1332.7 |
          Tomb |     36 |     36 |      0 |      0 |      4 |   1 |   36.0 |
        Depths |   4793 |   4126 |    667 |     16 |   3052 |   4 | 1198.2 |
           Zot |   3555 |   3327 |    228 |    131 |   2262 |   4 |  888.8 |
         Abyss |     26 |     26 |      0 |      0 |      0 |   1 |   26.0 |
   Pandemonium |  17698 |  17698 |      0 |    995 |  10499 |  20 |  884.9 |
        Bazaar |    130 |    130 |      0 |      0 |     59 |   1 |  130.0 |
         Sewer |    730 |    730 |      0 |      0 |    607 |   1 |  730.0 |
       Ossuary |    233 |    233 |      0 |      0 |     90 |   1 |  233.0 |
        Bailey |    419 |    419 |      0 |     28 |    152 |   1 |  419.0 |
      Ice Cave |    371 |    371 |      0 |      0 |    145 |   1 |  371.0 |
      Gauntlet |    428 |    428 |      0 |      0 |    179 |   1 |  428.0 |
               +--------+--------+--------+--------+--------+-----+--------+

Top non-repeatable levels by time:
Vaults:4: 2108 daAuts
 Crypt:3: 1644 daAuts
Vaults:3: 1590 daAuts
    D:15: 1444 daAuts
Vaults:1: 1375 daAuts
 Crypt:1: 1228 daAuts
Depths:1: 1224 daAuts
Depths:2: 1213 daAuts
Vaults:5: 1211 daAuts
Depths:4: 1188 daAuts
Depths:3: 1166 daAuts
    D:14: 1162 daAuts
Shoals:4: 1131 daAuts
   Elf:1: 1128 daAuts
 Crypt:2: 1126 daAuts
